Cogmind - Beta 17.1 @@@ ROGUE MODE // 2026.08.18 @ 02:07:54 // Winter2019/RPGLIKE Player: KTG-V3 Result: Destroyed by S-43 Plague with Heavy Machine Gun Performance ------------- Evolutions (9) 4500 Regions Visited (32) 6400 Robots Destroyed (1319) 6595 Value Destroyed (59401) 59401 Prototype IDs (32) 640 Alien Tech Used (0) 0 Bonus (38913) 38913 TOTAL SCORE: 116449 Bonus ------- Triggered High Security 2000 High Alert Combat Kills 26208 Follower Combat Kills 1162 Hunted by Unchained 1000 Destroyed Unchained 1000 Network Hubs Disabled 800 Aligned with FarCom 300 Met Data Miner 300 Met Warlord at Base 500 MAIN.C Attacked Warlord 500 Warlord Defense Kills 8244 Built Enhanced Grunts 300 Met R17 at Cetus 500 Met Warlord at Research 2000 Scanned by Researcher 500 Friendly Fire -6401 Cogmind --------- Core Integrity 0/1900 Matter 800/800 Energy 150/150 System Corruption 10% Temperature Cool (0) Movement Treading (70) Location -1/Command Parts ------- > --- POWER (1) -------- Micro Fission Core > --- PROPULSION (2) --- DW-4LL's Griptreads > --- UTILITY (3) ------ Experimental Core Analyzer Experimental Weapon Cycler (fused) Long-range Tractor Beam > --- WEAPON (13) ------ Railgun Advanced KE Penetrator Advanced KE Penetrator Advanced KE Penetrator Helical Railgun Helical Railgun Helical Railgun > --- INVENTORY (4) ---- Advanced Kinecellerator Advanced Recalibrator Peak State ------------ > --- POWER ------------ Micro Fission Core > --- PROPULSION ------- DW-4LL's Griptreads > --- UTILITY ---------- Experimental Core Analyzer Experimental Weapon Cycler Long-range Tractor Beam > --- WEAPON ----------- KE Penetrator KE Penetrator Railgun Railgun Advanced KE Penetrator Advanced KE Penetrator Advanced KE Penetrator Advanced KE Penetrator Advanced KE Penetrator Helical Railgun Helical Railgun Helical Railgun Helical Railgun > --- INVENTORY -------- Advanced Kinecellerator Advanced Recalibrator [Rating: 155] Favorites ----------- Power Fission Core Engine Improved Deuterium Engine Power Core Fission Core Reactor Quantum Reactor Propulsion DW-4LL's Griptreads Treads DW-4LL's Griptreads Utility Experimental Weapon Cycler Device Experimental Weapon Cycler Processor Experimental Core Analyzer Hackware Hacking Suite Weapon Enhanced Autogun Energy Gun Improved Medium Laser Energy Cannon Beam Cannon Ballistic Gun Enhanced Autogun Ballistic Cannon Improved Light Cannon Build | -11 -10 -10 -9 -9 -9 -8 -8 -8 -7 -7 -7 -7 -6 -6 -6 -6 -6 -5 -5 -5 -5 -5 -5 -4 -4 -4 -4 -3 -3 -2 -1 -1 ------- Run | Yrd Mat Min Mat Min Exi Min Mat Sto Fac Low Low Dat Pro Fac Low Low Zio Pro Fac Ext Cet Arc Hub Fac Upp Upp War Pro Res Res Acc Com Slots Evolved 15 | 3 2 . 2 . . 2 . . . . . . . . . . 1 . . . . . 1 1 1 . . . 1 . 1 . Power . | . . . . . . . . . . . . . . . . . . . . . . . . . . . . . . . . . Propulsion 1 | . 1 . . . . . . . . . . . . . . . . . . . . . . . . . . . . . . . Utility 2 | . . . . . . . . . . . . . . . . . . . . . . . . 1 1 . . . . . . . Weapon 12 | 3 1 . 2 . . 2 . . . . . . . . . . 1 . . . . . 1 . . . . . 1 . 1 . Parts Attached 116 | 6 8 2 15 2 . 3 5 12 11 . . . . 6 . 1 1 1 1 1 5 4 2 2 1 2 10 . 3 6 1 5 Power 11 | 1 . 1 1 1 . 1 . . 2 . . . . 1 . . . . . . . . 1 . . 1 1 . . . . . Engine 7 | 1 . 1 1 1 . . . . 2 . . . . . . . . . . . . . . . . 1 . . . . . . Core 3 | . . . . . . 1 . . . . . . . 1 . . . . . . . . . . . . 1 . . . . . Reactor 1 | . . . . . . . . . . . . . . . . . . . . . . . 1 . . . . . . . . . Propulsion 7 | 1 . . 2 . . . 2 . 1 . . . . 1 . . . . . . . . . . . . . . . . . . Treads 7 | 1 . . 2 . . . 2 . 1 . . . . 1 . . . . . . . . . . . . . . . . . . Leg . | . . . . . . . . . . . . . . . . . . . . . . . . . . . . . . . . . Wheel . | . . . . . . . . . . . . . . . . . . . . . . . . . . . . . . . . . Hover . | . . . . . . . . . . . . . . . . . . . . . . . . . . . . . . . . . Flight . | . . . . . . . . . . . . . . . . . . . . . . . . . . . . . . . . . Utility 31 | 1 . 1 1 1 . 1 1 . 3 . . . . 3 . . . . . . . 1 . 2 1 . 5 . 2 6 . 2 Device 21 | 1 . 1 1 1 . 1 1 . 3 . . . . 3 . . . . . . . 1 . 2 . . 2 . 1 1 . 2 Storage . | . . . . . . . . . . . . . . . . . . . . . . . . . . . . . . . . . Processor 8 | . . . . . . . . . . . . . . . . . . . . . . . . . 1 . 3 . 1 3 . . Hackware 2 | . . . . . . . . . . . . . . . . . . . . . . . . . . . . . . 2 . . Protection . | . . . . . . . . . . . . . . . . . . . . . . . . . . . . . . . . . Artifact . | . . . . . . . . . . . . . . . . . . . . . . . . . . . . . . . . . Weapon 67 | 3 8 . 11 . . 1 2 12 5 . . . . 1 . 1 1 1 1 1 5 3 1 . . 1 4 . 1 . 1 3 Energy Gun 4 | 1 1 . 2 . . . . . . . . . . . . . . . . . . . . . . . . . . . . . Energy Cannon 3 | . 1 . . . . . . . 1 . . . . . . . . . 1 . . . . . . . . . . . . . Ballistic Gun 55 | 2 5 . 8 . . 1 1 12 2 . . . . 1 . 1 1 1 . 1 5 3 1 . . 1 4 . 1 . 1 3 Ballistic Cannon 5 | . 1 . 1 . . . 1 . 2 . . . . . . . . . . . . . . . . . . . . . . . Launcher . | . . . . . . . . . . . . . . . . . . . . . . . . . . . . . . . . . Special Weapon . | . . . . . . . . . . . . . . . . . . . . . . . . . . . . . . . . . Impact Weapon . | . . . . . . . . . . . . . . . . . . . . . . . . . . . . . . . . . Slashing Weapon . | . . . . . . . . . . . . . . . . . . . . . . . . . . . . . . . . . Piercing Weapon . | . . . . . . . . . . . . . . . . . . . . . . . . . . . . . . . . . Special Melee Weapon . | . . . . . . . . . . . . . . . . . . . . . . . . . . . . . . . . . Unidentified Prototypes 18 | . . . 1 . . . . 2 3 . . . . 3 . . . . . 1 1 . . . . . 5 . . 2 . . Corrupted Parts 1 | . . . . . . . . . . . . . . . . . . . . . 1 . . . . . . . . . . . System Corruption 5 | . . . . . . . . . . . . . . . . . . . . . 5 . . . . . . . . . . . Parts Lost . | . . . . . . . . . . . . . . . . . . . . . . . . . . . . . . . . . Power . | . . . . . . . . . . . . . . . . . . . . . . . . . . . . . . . . . Propulsion . | . . . . . . . . . . . . . . . . . . . . . . . . . . . . . . . . . Utility . | . . . . . . . . . . . . . . . . . . . . . . . . . . . . . . . . . Weapon . | . . . . . . . . . . . . . . . . . . . . . . . . . . . . . . . . . Highest Loss Streak . | . . . . . . . . . . . . . . . . . . . . . . . . . . . . . . . . . To Critical Strikes . | . . . . . . . . . . . . . . . . . . . . . . . . . . . . . . . . . Average Backups 1 | . . . . 1 1 . 1 1 1 1 . 1 1 2 2 2 1 1 1 1 1 1 1 1 1 1 1 2 1 2 1 1 Power . | . . . . . . . . . . . . . . . . . . . . . . . . . . . . . . . . . Propulsion . | . . . . . . . . . . . . . . . . . . . . . . . . . . . . . . . . . Utility . | . . . . . . . . . . 1 . 1 1 1 1 1 1 1 1 1 1 1 1 1 1 1 1 2 1 1 1 1 Weapon . | . . . . 1 1 . . 1 . . . . . . 1 1 . . . . . . . . . . . . . . . . Tool/Special . | . . . . . . . . . . . . . . . . . . . . . . . . . . . . . . . . . Unused Backups 9 | . . . . . . . . . 2 . . . . 3 . . . . . . . . . . . . . . . . 1 3 Power . | . . . . . . . . . . . . . . . . . . . . . . . . . . . . . . . . . Propulsion . | . . . . . . . . . . . . . . . . . . . . . . . . . . . . . . . . . Utility 8 | . . . . . . . . . 2 . . . . 2 . . . . . . . . . . . . . . . . 1 3 Weapon 1 | . . . . . . . . . . . . . . 1 . . . . . . . . . . . . . . . . . . Tool/Special . | . . . . . . . . . . . . . . . . . . . . . . . . . . . . . . . . . Average Slot Usage (%) 95 | . 91 88 98 100 100 98 100 100 99 100 100 100 100 94 92 92 92 92 92 92 91 92 87 92 93 94 94 94 93 94 93 93 Engine 3 | . 12 11 9 9 9 3 . . 6 7 7 7 7 1 . . . . . . . . . . . 1 2 . . . . . Core 3 | . . . . . . 4 7 7 . . . . . 5 7 7 7 7 7 7 7 7 6 6 5 3 2 5 5 5 5 5 Treads 11 | . 12 11 18 18 18 16 15 15 15 15 15 15 15 9 7 7 7 7 7 7 7 7 6 6 5 5 5 5 5 5 5 5 Device 8 | . 12 11 9 9 9 7 7 7 6 7 7 7 7 6 7 7 7 7 7 7 7 7 6 11 11 11 11 11 11 10 10 9 Processor 1 | . . . . . . . . . . . . . . . . . . . . . . . . . 1 5 5 5 5 5 5 5 Ballistic Gun 63 | . 37 44 45 54 54 56 61 61 66 69 69 69 69 68 69 69 69 71 70 71 70 71 66 67 66 64 64 64 65 66 67 67 Ballistic Cannon 1 | . 4 . 4 9 9 7 7 7 2 . . . . . . . . . . . . . . . . . . . . . . . Peak Build Rating 155 | 6 8 10 20 20 19 27 30 46 52 51 51 51 51 72 71 71 75 75 77 78 98 107 113 120 124 125 139 139 144 145 152 155 Average Rating 69 | 3 7 9 16 19 19 23 27 38 49 51 50 51 51 64 71 70 71 75 75 75 91 102 107 118 118 124 129 138 138 140 148 150 On Entrance 71 | . 6 8 10 20 19 19 27 30 46 51 51 51 51 51 71 71 71 75 75 76 78 98 107 113 120 124 125 139 138 141 145 151 Avg Prop Armor Cover (%) . | . . . . . . . . . . . . . . . . . . . . . . . . . . . . . . . . . Naked Turns . | . . . . . . . . . . . . . . . . . . . . . . . . . . . . . . . . . Heaviest Build 83 | 10 15 17 30 30 26 32 36 36 42 41 41 41 41 41 38 38 42 43 48 45 59 69 73 74 74 76 77 72 77 81 83 83 Greatest Support 85 | 20 25 25 45 45 45 45 45 45 53 53 53 53 53 75 75 75 75 75 75 75 75 75 75 75 75 75 75 75 80 80 85 85 Greatest Overweight (x) 4 | . . . 2 . . . . . . . . . . . . . . . . . . . . . . 1 1 . 1 1 1 4 Average Overweight (x) . | . . . . . . . . . . . . . . . . . . . . . . . . . . . . . . . . . Largest Inventory Capacity 4 | . 1 2 2 2 2 2 3 3 3 4 4 4 4 4 4 4 4 4 4 4 4 4 4 4 4 4 4 4 4 4 4 4 Average Capacity 3 | . . 1 2 2 2 2 2 3 3 3 4 4 4 4 4 4 4 4 4 4 4 4 4 4 4 4 4 4 4 4 4 4 Most Carried 4 | . 1 1 2 2 1 2 3 3 3 2 4 4 4 4 3 4 4 4 4 4 4 4 4 4 2 2 4 4 4 4 4 4 Average Carried 2 | . . . . 1 1 . 2 2 2 1 3 4 3 2 2 2 3 2 3 4 3 4 2 1 1 1 3 3 2 2 1 1 Final Capacity 4 | . 1 2 2 2 2 2 3 3 3 4 4 4 4 4 4 4 4 4 4 4 4 4 4 4 4 4 4 4 4 4 4 4 Final Carried 4 | . 1 1 1 1 1 . 3 3 1 2 4 4 4 2 2 4 3 2 4 4 4 4 1 1 1 2 4 3 3 3 1 2 Class Distribution -------------------- 38% | Scavenger-Executioner 25% | Hacker-Executioner 22% | Executioner 9% | Gunner 3% | Commander-Executioner Dominant Class ---------------- Gunner | -10/Materials Gunner | -10/Mines Scavenger-Executioner | -9/Materials Scavenger-Executioner | -9/Mines Scavenger-Executioner | -9/Exiles Scavenger-Executioner | -8/Mines Scavenger-Executioner | -8/Materials Executioner | -8/Storage Executioner | -7/Factory Executioner | -7/Lower Caves Hacker-Executioner | -7/Lower Caves Hacker-Executioner | -7/Data Miner Hacker-Executioner | -6/Proximity Caves Hacker-Executioner | -6/Factory Hacker-Executioner | -6/Lower Caves Hacker-Executioner | -6/Lower Caves Hacker-Executioner | -6/Zion Hacker-Executioner | -5/Proximity Caves Hacker-Executioner | -5/Factory Commander-Executioner | -5/Extension Commander-Executioner | -5/Cetus Commander-Executioner | -5/Archives Scavenger-Executioner | -5/Hub_04(d) Scavenger-Executioner | -4/Factory Scavenger-Executioner | -4/Upper Caves Scavenger-Executioner | -4/Upper Caves Scavenger-Executioner | -4/Warlord Scavenger-Executioner | -3/Proximity Caves Scavenger-Executioner | -3/Research Scavenger-Executioner | -2/Research Scavenger-Executioner | -1/Access Scavenger-Executioner | -1/Command Resources | -11 -10 -10 -9 -9 -9 -8 -8 -8 -7 -7 -7 -7 -6 -6 -6 -6 -6 -5 -5 -5 -5 -5 -5 -4 -4 -4 -4 -3 -3 -2 -1 -1 ----------- Run | Yrd Mat Min Mat Min Exi Min Mat Sto Fac Low Low Dat Pro Fac Low Low Zio Pro Fac Ext Cet Arc Hub Fac Upp Upp War Pro Res Res Acc Com Matter Collected 54694 | 278 490 521 1528 463 . 789 1711 538 9274 770 597 . 561 5603 938 820 . 720 2300 879 761 314 2982 3169 1075 624 2153 298 1260 1140 3025 9113 Remotely 18636 | . . . . . . . . . 2535 . 143 . . 1140 . . . . . . 414 . 503 1829 898 . 716 . 1116 1130 239 7973 Salvage Created 65641 | 88 689 568 2365 646 . 903 1733 506 9045 661 392 . 275 6473 1108 740 . 719 2931 1040 453 212 3531 3791 1204 867 3916 322 1742 1370 3552 13799 Parts 3058 | 3 57 15 177 28 . 51 128 34 387 41 30 . 17 302 49 44 . 33 122 75 24 13 173 175 59 29 120 14 90 58 221 489 Haulers Intercepted 30 | . 2 . 6 . . . 4 3 5 . . . . 1 . . . . 3 1 . . 2 . . . . . . 1 2 . Recyclers Shooed 8 | . 1 . 1 . . . . . 1 . . . . 2 . . . . . . . . 1 . . . . . . . 2 . Parts Field Recycled . | . . . . . . . . . . . . . . . . . . . . . . . . . . . . . . . . . Retrieved Matter . | . . . . . . . . . . . . . . . . . . . . . . . . . . . . . . . . . Parts Self-Destructed 278 | . . . . . . . . . . 40 26 . 17 . 44 41 . 34 . . . . . . 34 28 . 14 . . . . Prevented 5 | . . . . . . . . . . . . . . . . . . . . . . . . . 5 . . . . . . . Parts Restored . | . . . . . . . . . . . . . . . . . . . . . . . . . . . . . . . . . Kills | -11 -10 -10 -9 -9 -9 -8 -8 -8 -7 -7 -7 -7 -6 -6 -6 -6 -6 -5 -5 -5 -5 -5 -5 -4 -4 -4 -4 -3 -3 -2 -1 -1 ------- Run | Yrd Mat Min Mat Min Exi Min Mat Sto Fac Low Low Dat Pro Fac Low Low Zio Pro Fac Ext Cet Arc Hub Fac Upp Upp War Pro Res Res Acc Com Combat Hostiles Destroyed 990 | . 18 17 36 8 . 17 37 7 141 17 12 . 9 87 20 22 . 10 29 19 7 2 41 64 17 11 64 6 17 11 45 199 Guns 976 | . 13 14 31 8 . 17 37 7 141 17 12 . 9 86 20 22 . 10 29 19 7 2 41 64 17 11 64 6 17 11 45 199 Cannons 13 | . 5 3 5 . . . . . . . . . . . . . . . . . . . . . . . . . . . . . AOE 1 | . . . . . . . . . . . . . . 1 . . . . . . . . . . . . . . . . . . Classes Destroyed 33 | 2 6 2 3 . . 1 3 . 3 . 2 . 1 1 2 . . 1 . . . . . . . . 3 . 1 . . 2 Worker 91 | . 1 3 11 3 . 3 1 . 17 . . . . 14 . . . . 3 . . . 12 . . . . . 8 . 7 8 Builder 49 | . 1 . 11 1 . . 4 1 9 . . . . 3 . . . . 4 2 . . 2 1 . . . . 3 . 7 . Tunneler 16 | 1 3 1 2 1 . 1 . . 2 . . . . 2 . . . . 1 . . . . . . . . . . 1 1 . Hauler 30 | . 2 . 6 . . . 4 3 5 . . . . 1 . . . . 3 1 . . 2 . . . . . . 1 2 . Recycler 70 | 1 1 4 4 1 . 6 1 1 19 . . . . 17 . . . . 4 2 . . 2 1 . . . . 3 1 1 1 Carrier 1 | . . . . . . . . . . . . . . . . . . . . . . . . . . . . . . . . 1 Mechanic 18 | . . . 1 . . . . . 4 . . . . 2 . . . . . . . . . 1 . . 1 . . . . 9 Operator 13 | . . . . . . . 2 . 2 . . . . . . . . . 1 . . 2 . 1 . . . . 1 . 2 2 Drone 3 | . . . . . . . . . . . . . 2 . . . . . . . . . . 1 . . . . . . . . Watcher 51 | . 3 . 5 . . . 3 2 6 . . . . 3 . . . . 4 1 2 . 2 2 . . . . 1 2 6 9 Swarmer 154 | . 6 1 11 . . 5 7 1 7 3 4 . . 14 4 15 . 1 8 9 . . 4 8 6 1 7 . 1 . 11 20 Cutter 10 | . . . . . . . . . 2 . . . . . . . . . . . . . . . . . . . . . . 8 Saboteur 23 | . . . . . . . . . . . . . . 4 . . . . . . . . 1 2 . . 6 . . . . 10 Grunt 374 | . 12 . 13 7 . 11 19 1 62 8 6 . 5 40 8 2 . 4 3 5 . . 13 26 4 6 26 5 5 . 6 77 Brawler 48 | . . . . . . . 1 1 11 1 1 . . 2 . 1 . 1 2 . . . 1 6 3 . 1 . . . . 16 Duelist 43 | . . . 2 . . . 2 1 9 2 . . . 4 3 . . . 2 . . . 1 4 1 . 3 . . . . 9 Protector 29 | . . . . . . . 2 . 8 . . . . 1 . . . . . . . . 3 3 . . 4 . . . . 8 Sentry 78 | . . . 10 . . . 5 3 8 2 . . 1 6 2 2 . 1 6 4 . 2 3 2 3 2 . 1 2 5 6 2 Demolisher 4 | . . 2 . . . . . . . . . . . . . . . . . . . . . . . . 1 . 1 . . . Specialist 1 | . . . . . . . . . . . . . . . . . . . . . . . . . . . 1 . . . . . Hunter 49 | . . . . . . 1 1 . 9 . . . 1 4 . 1 . 2 3 . . . 2 6 . 2 7 . 2 . 4 4 Programmer 104 | . . . . . . . . . 23 1 . . . 10 1 . . . 5 . . . 4 6 . . 2 . 2 4 18 28 Heavy 4 | . . . . . . . . . 2 . . . . 1 . . . . . . . . 1 . . . . . . . . . Behemoth 5 | . . . . . . . . . . . 1 . . . . . . 1 . 1 . . 1 . . . . . . 1 . . Cetus Guard 7 | . . . . . . . . . . . . . . . . . . . . . 7 . . . . . . . . . . . Enhanced Grunt 2 | . . . . . . . . . . . . . . . . . . . . . . . 2 . . . . . . . . . Lightning 7 | . . . . . . . . . . . . . . . . . . . . . . . 7 . . . . . . . . . Investigator 2 | . . . . . . . . . . . . . . . . . . . . . . . . . . . . . . . . 2 Striker 16 | . . . . . . . . . . . . . . . . . . . . . . . . . . . 2 . 4 . . 10 Executioner 12 | . . . . . . . . . . . . . . . . . . . . . . . . . . . 4 . . 1 . 7 Samaritan 1 | . . . . . . . . . . . . . . . 1 . . . . . . . . . . . . . . . . . Tinkerer 2 | . . . . . . . . . . . . . . . . . . 2 . . . . . . . . . . . . . . Thief 2 | . . . . . . . . . . . . . . . 2 . . . . . . . . . . . . . . . . . Assembled 14 | . . 14 . . . . . . . . . . . . . . . . . . . . . . . . . . . . . . Thug 6 | . . . . 1 . . . . . . . . . . . . . . . . . . 2 . 1 . 2 . . . . . Savage 3 | . . . . . . . . . . . . . . . . . . . . . . . . . 3 . . . . . . . Butcher 1 | . . . . . . . . . . . . . . . . . . . . . . . 1 . . . . . . . . . Bouncer 1 | . . . . . . . . . . . . . . . . . . . . . . . . . . . 1 . . . . . Guerrilla 2 | . . . . . . . . . . . . . . . . . . . . . . . 1 . 1 . . . . . . . Mutant 4 | . . . . . . . . . . . 1 . . . 1 1 . . . . . . . . 1 . . . . . . . Commander 1 | . . . . . . . . . . . . . . . . . . . . . . . . . 1 . . . . . . . Revision 2 | . . . . . . . . . . . . . . . . . . . . . . . . . . . . . 2 . . . Best Kill Streak 36 | 2 6 13 12 3 . 5 8 4 21 6 4 . 3 9 8 10 . 4 10 6 5 4 9 17 7 6 13 5 11 2 22 36 Combat Bots Only 32 | . 5 11 4 3 . 5 5 4 20 6 4 . 3 8 8 10 . 4 6 6 4 2 7 16 7 6 13 5 9 2 12 32 Max Kills in Single Turn 7 | 1 1 2 2 3 . 3 2 2 3 3 2 . 1 3 3 3 . 2 3 4 2 1 3 4 5 1 4 2 5 2 5 7 Gunslinging 4 | . . . 1 2 . 2 1 . 2 2 1 . . 2 1 2 . 1 1 3 1 . 1 2 2 . 3 1 2 . . 4 Exploded 1 | . . . . . . . . . . . . . . 1 . . . . . . . . . . . . . . . . . . Melee . | . . . . . . . . . . . . . . . . . . . . . . . . . . . . . . . . . Uniques/NPCs Destroyed 2 | . . . . 1 . . . . . . . . . 1 . . . . . . . . . . . . . . . . . . YI-UF0 (-9/Mines) DW-4LL (-6/Factory) Combat | -11 -10 -10 -9 -9 -9 -8 -8 -8 -7 -7 -7 -7 -6 -6 -6 -6 -6 -5 -5 -5 -5 -5 -5 -4 -4 -4 -4 -3 -3 -2 -1 -1 -------- Run | Yrd Mat Min Mat Min Exi Min Mat Sto Fac Low Low Dat Pro Fac Low Low Zio Pro Fac Ext Cet Arc Hub Fac Upp Upp War Pro Res Res Acc Com Hostile Shots Fired 1955 | . 49 22 65 22 . 28 75 16 288 33 31 . 34 233 44 37 . 24 37 28 10 2 92 206 8 15 52 12 31 23 89 349 Missed 587 | . 18 4 18 5 . 4 26 3 108 8 11 . 13 69 17 13 . 8 7 8 2 . 16 61 2 7 18 3 8 6 27 97 Hits 1368 | . 31 18 47 17 . 24 49 13 180 25 20 . 21 164 27 24 . 16 30 20 8 2 76 145 6 8 34 9 23 17 62 252 Melee 25 | . . 3 . . . . . 3 3 1 . . . . . . . . . . . . . 1 1 . . . 1 . . 12 Projectile 1343 | . 31 15 47 17 . 24 49 10 177 24 20 . 21 164 27 24 . 16 30 20 8 2 76 144 5 8 34 9 22 17 62 240 AOE 20 | . . 7 . 8 . . . . 2 . . . . . . . . . . . . . . 1 . . . . 1 . . 1 Critical Strikes 87 | . . 1 1 1 . 1 . . 8 1 . . . 10 2 2 . . 1 . 3 . 11 14 . 3 2 . 3 . 2 21 Part Disruptions 3 | . . . . . . . . . . . . . . 1 . . . . . . . . . . . . . . . . . 2 Damage Taken 25842 | . 370 476 556 408 . 348 591 247 2588 356 341 . 214 3191 371 335 . 265 440 427 127 40 2664 2416 122 132 738 139 901 404 1221 5414 Core 20511 | . 285 406 438 320 . 277 463 191 2036 276 272 . 168 2517 288 261 . 209 348 337 102 31 2169 1891 96 103 604 112 718 317 963 4313 Absorbed by Shields 120 | . . . . . . . . . . . . . . . . . . . . 53 50 . . . . . . . . . . 17 Redirected to Core 18844 | . 273 258 389 297 . 250 430 191 1865 265 233 . 154 2407 288 256 . 194 311 318 92 31 1855 1813 96 103 466 95 682 317 930 3985 Ignored by Resistances 3430 | . . . . . . . 58 9 301 54 46 . 41 290 52 42 . 61 86 86 36 8 139 525 19 34 178 41 107 59 192 966 Regen/Repaired (Parts) 52 | . . . . . . . . . . . . . . . . . . . . . . . . 52 . . . . . . . . Core Remaining (%) 98 | 100 . 93 . . . 100 . 100 . . . . 100 . . . . 100 . . . . 94 . . . . 100 100 100 . . Volleys Fired 1665 | 3 128 57 176 26 . 37 89 19 279 23 13 . 15 148 26 22 . 17 58 30 10 7 70 65 20 13 40 6 29 20 52 167 Largest 13 | 3 4 5 7 6 . 8 8 8 9 9 9 . 9 9 9 9 . 10 10 10 10 10 10 11 11 11 11 11 12 12 13 13 Hottest 463 | 90 130 140 261 138 . 181 184 192 240 225 225 . 225 225 225 225 . 253 253 253 291 308 338 371 371 376 382 387 420 420 455 463 Shots Fired 12553 | 9 243 213 530 126 . 222 467 138 1980 160 115 . 130 1261 234 198 . 170 571 290 100 71 622 707 219 142 440 66 263 240 663 1963 Gun 12170 | 9 151 157 377 121 . 218 432 136 1945 160 115 . 130 1261 234 198 . 170 570 290 100 71 622 707 219 142 440 66 263 240 663 1963 Cannon 383 | . 92 56 153 5 . 4 35 2 35 . . . . . . . . . 1 . . . . . . . . . . . . . Launcher . | . . . . . . . . . . . . . . . . . . . . . . . . . . . . . . . . . Special . | . . . . . . . . . . . . . . . . . . . . . . . . . . . . . . . . . Kinetic 12242 | 6 141 157 381 126 . 222 467 138 1980 160 115 . 130 1261 234 198 . 170 570 290 100 71 622 707 219 142 440 66 263 240 663 1963 Thermal 311 | 3 102 56 149 . . . . . . . . . . . . . . . 1 . . . . . . . . . . . . . Explosive . | . . . . . . . . . . . . . . . . . . . . . . . . . . . . . . . . . Electromagnetic . | . . . . . . . . . . . . . . . . . . . . . . . . . . . . . . . . . Robot Hit Streak 60 | 4 17 10 24 37 . 48 33 20 48 28 22 . 31 57 34 23 . 26 28 44 34 22 27 31 60 18 26 21 22 28 23 40 Robot Miss Streak 12 | 1 3 5 4 1 . 1 3 1 4 2 3 . 8 4 2 4 . 2 4 3 2 2 12 4 1 2 2 2 4 2 6 8 Penetration Max 2 | . . . . . . . . . . . . . . . . . . 1 1 . . 1 2 2 1 . 2 . 1 . 2 2 Secondary Targets 249 | . . . 2 2 . 5 6 2 39 5 6 . . 28 3 6 . 3 3 8 2 . 10 25 2 . 25 1 3 1 3 59 Max Gunslinging Chain 4 | . . . 1 2 . 2 2 1 2 2 2 . . 2 1 2 . 1 2 4 1 . 1 3 2 . 4 1 2 1 1 4 Shots Hit Robots 6230 | 5 101 56 199 80 . 128 242 74 1022 82 82 . 67 689 135 87 . 94 284 188 73 47 293 400 115 55 224 29 127 117 234 901 Core Hits 2976 | 3 41 44 98 25 . 48 104 23 426 31 27 . 23 295 55 37 . 45 109 65 33 15 140 181 50 24 155 12 65 38 134 630 Critical Kills 143 | . . . 1 . . . . 1 7 1 . . . 6 1 . . . . . 1 . 12 13 3 2 18 2 8 2 11 54 Critical Parts Destroyed 194 | . 1 . . 2 . 2 2 2 2 . . . 1 3 1 1 . 3 . 2 1 2 23 33 8 . 15 2 5 5 13 65 Critical Strikes 370 | . 2 . 4 2 . 2 4 3 9 1 . . 1 10 2 1 . 3 . 3 2 2 37 47 12 2 35 5 16 8 25 132 Burn 4 | . 1 . 3 . . . . . . . . . . . . . . . . . . . . . . . . . . . . . Destroy 365 | . 1 . 1 2 . 2 3 3 9 1 . . 1 10 2 1 . 3 . 3 2 2 37 47 12 2 35 5 16 8 25 132 Blast 1 | . . . . . . . 1 . . . . . . . . . . . . . . . . . . . . . . . . . Melee Attacks . | . . . . . . . . . . . . . . . . . . . . . . . . . . . . . . . . . Impact . | . . . . . . . . . . . . . . . . . . . . . . . . . . . . . . . . . Slashing . | . . . . . . . . . . . . . . . . . . . . . . . . . . . . . . . . . Piercing . | . . . . . . . . . . . . . . . . . . . . . . . . . . . . . . . . . Sneak Attacks . | . . . . . . . . . . . . . . . . . . . . . . . . . . . . . . . . . Combat Hostiles . | . . . . . . . . . . . . . . . . . . . . . . . . . . . . . . . . . Follow-up Attacks . | . . . . . . . . . . . . . . . . . . . . . . . . . . . . . . . . . Damage Inflicted 180013 | 65 1394 1138 3560 1368 . 2129 4008 1390 24279 1906 1871 . 1383 16134 2779 1858 . 1926 5933 4176 1581 1425 10799 13495 4351 1244 9358 923 4773 3055 9352 42360 Guns 177625 | 65 974 823 2532 1353 . 2102 3699 1390 24242 1906 1871 . 1383 15940 2779 1858 . 1926 5933 4176 1581 1425 10799 13495 4351 1244 9338 923 4773 3055 9352 42337 Cannons 1811 | . 420 315 810 . . 27 202 . 37 . . . . . . . . . . . . . . . . . . . . . . . Explosions 527 | . . . 218 . . . 95 . . . . . . 194 . . . . . . . . . . . . 20 . . . . . Melee . | . . . . . . . . . . . . . . . . . . . . . . . . . . . . . . . . . Ramming 50 | . . . . 15 . . 12 . . . . . . . . . . . . . . . . . . . . . . . . 23 Kinetic 177440 | 28 888 823 2204 1353 . 2129 3901 1390 24279 1906 1871 . 1383 15940 2779 1858 . 1926 5933 4176 1581 1425 10799 13495 4351 1244 9338 923 4773 3055 9352 42337 Thermal 2413 | 37 506 315 1314 . . . 47 . . . . . . 194 . . . . . . . . . . . . . . . . . . Explosive 68 | . . . . . . . 48 . . . . . . . . . . . . . . . . . . . 20 . . . . . Electromagnetic 42 | . . . 42 . . . . . . . . . . . . . . . . . . . . . . . . . . . . . Impact . | . . . . . . . . . . . . . . . . . . . . . . . . . . . . . . . . . Slashing . | . . . . . . . . . . . . . . . . . . . . . . . . . . . . . . . . . Piercing . | . . . . . . . . . . . . . . . . . . . . . . . . . . . . . . . . . Highest Corruption 24 | . . . . . . . . . 16 16 16 16 16 . . . . . . 1 6 6 24 3 3 3 3 . 2 . 4 10 Average Corruption 8 | . . . . . . . . . 7 16 16 16 16 . . . . . . 1 2 4 20 1 3 3 3 . 2 . 3 6 Corruption Purged 16 | . . . . . . . . . 1 . . . . . . . . . . . . 6 . . . . . . . . . 9 Corruption Blocked . | . . . . . . . . . . . . . . . . . . . . . . . . . . . . . . . . . Effects 664 | . . . . . . . . . 216 84 76 2 73 . . . . . . 2 5 5 53 4 14 15 1 . . . 23 91 Message Errors 146 | . . . . . . . . . 48 22 16 . 16 . . . . . . 2 2 . 14 1 1 1 1 . . . 5 17 Matter Fused 149 | . . . . . . . . . 55 18 21 . 16 . . . . . . . 1 2 6 2 2 6 . . . . 3 17 Heat Flow Errors 72 | . . . . . . . . . 24 8 9 . 5 . . . . . . . . 2 7 . 1 3 . . . . 5 8 Energy Discharges 69 | . . . . . . . . . 20 11 5 1 13 . . . . . . . . . 4 . 3 1 . . . . 3 8 Parts Rejected 1 | . . . . . . . . . 1 . . . . . . . . . . . . . . . . . . . . . . . Parts Fused 3 | . . . . . . . . . 2 . . . . . . . . . . . . . . . . . . . . . 1 . Data Loss (minor) 77 | . . . . . . . . . 20 12 14 1 10 . . . . . . . 1 . 2 . 3 . . . . . . 14 Data Loss (major) 22 | . . . . . . . . . 6 2 1 . 4 . . . . . . . 1 . 2 1 . 1 . . . . 2 2 Misfires 25 | . . . . . . . . . 10 1 3 . 2 . . . . . . . . 1 . . 1 1 . . . . . 6 Alerts 11 | . . . . . . . . . 1 2 2 . . . . . . . . . . . . . 1 . . . . . . 5 Misdirections 1 | . . . . . . . . . . . . . . . . . . . . . . . 1 . . . . . . . . . Weapon Failures 88 | . . . . . . . . . 29 8 5 . 7 . . . . . . . . . 17 . 2 2 . . . . 4 14 Overload Shots . | . . . . . . . . . . . . . . . . . . . . . . . . . . . . . . . . . Overflow Damage 131 | . . . 57 . . . 11 . . . . . . 55 . . . . . . . . . . . . . . . . . 8 Projectiles 2 | . . . . . . . 2 . . . . . . . . . . . . . . . . . . . . . . . . . Explosions 121 | . . . 57 . . . 9 . . . . . . 55 . . . . . . . . . . . . . . . . . . Melee 8 | . . . . . . . . . . . . . . . . . . . . . . . . . . . . . . . . 8 Knockbacks 1 | . . . . . . . 1 . . . . . . . . . . . . . . . . . . . . . . . . . Impact . | . . . . . . . . . . . . . . . . . . . . . . . . . . . . . . . . . Kinetic 1 | . . . . . . . 1 . . . . . . . . . . . . . . . . . . . . . . . . . Secondary . | . . . . . . . . . . . . . . . . . . . . . . . . . . . . . . . . . Self-Inflicted Damage 336 | . . 35 . . . . . . . . . . . . . . . . . . . . 96 . . . . . 205 . . . Shots 4 | . . 1 . . . . . . . . . . . . . . . . . . . . 1 . . . . . 2 . . . Rammed 4 | . . . . 2 . . 2 . . . . . . . . . . . . . . . . . . . . . . . . . Targets Rammed 5 | . . . . 2 . . 2 . . . . . . . . . . . . . . . . . . . . . . . . 1 Kicked . | . . . . . . . . . . . . . . . . . . . . . . . . . . . . . . . . . Crushed 1 | . . . . . . . . . . . . . . . . . . . . . . . . . . . . . . . . 1 Highest Temperature 593 | . 128 48 199 80 . 37 27 45 330 278 221 . 116 362 230 270 . 241 336 244 380 355 382 463 505 196 205 196 192 194 339 593 Average Temperature 86 | . 36 18 50 25 . 15 6 14 60 78 59 . 31 89 81 103 . 102 94 117 182 172 124 123 157 101 102 107 82 67 126 143 Received Heat Transfer 4112 | . 126 100 171 111 . 99 261 27 792 153 60 . 57 575 111 91 . 33 27 57 . . 90 378 9 64 69 27 39 54 81 450 Effects 34 | . . . . . . . . . 3 . . . . 1 . . . . 1 3 . . 3 1 3 . . . . . 3 16 Shutdowns 5 | . . . . . . . . . 1 . . . . . . . . . . . . . . . 1 . . . . . . 3 Energy Bleed 9 | . . . . . . . . . . . . . . 1 . . . . 1 1 . . 1 . 1 . . . . . . 4 Interference 12 | . . . . . . . . . 2 . . . . . . . . . . 2 . . . 1 . . . . . . 3 4 Matter Decay 2 | . . . . . . . . . . . . . . . . . . . . . . . 1 . . . . . . . . 1 Short Circuit 3 | . . . . . . . . . . . . . . . . . . . . . . . 1 . . . . . . . . 2 Damage (minor) 3 | . . . . . . . . . . . . . . . . . . . . . . . . . 1 . . . . . . 2 Siege Activations . | . . . . . . . . . . . . . . . . . . . . . . . . . . . . . . . . . Martial Activations . | . . . . . . . . . . . . . . . . . . . . . . . . . . . . . . . . . Shielding Activations . | . . . . . . . . . . . . . . . . . . . . . . . . . . . . . . . . . Robots Disrupted . | . . . . . . . . . . . . . . . . . . . . . . . . . . . . . . . . . Combat Hostiles . | . . . . . . . . . . . . . . . . . . . . . . . . . . . . . . . . . Robots Corrupted . | . . . . . . . . . . . . . . . . . . . . . . . . . . . . . . . . . Combat Hostiles . | . . . . . . . . . . . . . . . . . . . . . . . . . . . . . . . . . Parts Fried 3 | . . . . . . . . . . . . . . . . . . . . . . . 1 . . . . . . . . 2 Impact Corruptions 1 | . . . . . . . . . . . . . . . . . . . . . . . . . . . . . . . . 1 Robots Melted . | . . . . . . . . . . . . . . . . . . . . . . . . . . . . . . . . . Combat Hostiles . | . . . . . . . . . . . . . . . . . . . . . . . . . . . . . . . . . Parts Melted 6 | . . . 4 . . . . . . . . . . . . . . . . . . . . . . . 2 . . . . . Heat Transferred 4987 | 111 1209 666 2851 . . . 50 . . . . . . 100 . . . . . . . . . . . . . . . . . . Parts Sabotaged 5 | . . . . . . . . . . . . . . . . . . . . . . . . 2 . . . . . . . 3 Parts Stolen . | . . . . . . . . . . . . . . . . . . . . . . . . . . . . . . . . . Parts Stripped . | . . . . . . . . . . . . . . . . . . . . . . . . . . . . . . . . . Power Chain Reactions . | . . . . . . . . . . . . . . . . . . . . . . . . . . . . . . . . . Alert | -11 -10 -10 -9 -9 -9 -8 -8 -8 -7 -7 -7 -7 -6 -6 -6 -6 -6 -5 -5 -5 -5 -5 -5 -4 -4 -4 -4 -3 -3 -2 -1 -1 ------- Run | Yrd Mat Min Mat Min Exi Min Mat Sto Fac Low Low Dat Pro Fac Low Low Zio Pro Fac Ext Cet Arc Hub Fac Upp Upp War Pro Res Res Acc Com Maximum Alert Level 5 | . 1 1 4 2 . . 3 1 5 . . . . 5 . . . . 2 2 2 1 5 5 . . . . 2 2 4 5 Low Security (%) 21 | 100 60 74 18 . . 100 19 29 13 . . . . 1 . . . . 49 1 . 1 6 . . . . . 73 4 22 . Level 1 17 | . 39 25 14 36 . . 14 70 10 . . . . 9 . . . . 13 40 2 98 5 . . . . . 25 78 24 . Level 2 20 | . . . 42 64 . . 54 . 13 . . . . 26 . . . . 36 57 97 . 4 . . . . . 1 16 32 3 Level 3 8 | . . . 22 . . . 12 . 10 . . . . 22 . . . . . . . . 8 . . . . . . . 17 5 Level 4 10 | . . . 3 . . . . . 21 . . . . 18 . . . . . . . . 18 37 . . . . . . 2 11 Level 5 8 | . . . . . . . . . 14 . . . . 20 . . . . . . . . 56 19 . . . . . . . . High Security 12 | . . . . . . . . . 14 . . . . . . . . . . . . . . 42 . . . . . . . 79 Max Security . | . . . . . . . . . . . . . . . . . . . . . . . . . . . . . . . . . Sterilizations 1 | . . . . . . . . . 1 . . . . . . . . . . . . . . . . . . . . . . . Peak Influence 5879 | 10 394 267 1119 608 . 173 830 394 3589 . . . . 1798 . . . . 679 691 590 397 2459 2984 . . . . 403 429 1106 5879 Initial 1195 | . . 140 10 433 . . 55 347 . . . . . 150 . . . . 37 316 368 199 86 1195 . . . . . 222 220 515 Average 1020 | 1 162 134 527 445 . 71 447 261 1221 . . . . 968 . . . . 316 449 497 315 1531 1865 . . . . 135 312 445 3807 Influence Increases 32867 | 10 896 358 1676 360 . 676 1313 291 4511 395 280 . 175 2568 390 486 . 329 928 867 352 248 2949 2059 350 230 1285 130 814 592 1683 5666 Destroy 0b10 Robot/C 19380 | . 360 60 720 140 . 440 700 140 2660 340 240 . 140 1700 360 420 . 240 580 460 160 80 1020 1200 340 220 1200 120 340 220 900 3880 Destroy 0b10 Robot/NC 1885 | 10 55 40 200 30 . 50 85 35 360 . . . 15 215 . 5 . 5 100 45 10 10 125 45 . . 25 . 80 25 130 185 Destroy Leader 3346 | . 90 10 212 30 . 80 174 40 602 40 40 . 20 358 30 50 . 40 164 34 . . 222 184 10 10 . 10 72 106 206 512 Allied During Kill 1200 | . . . . . . 16 . . . . . . . . . 11 . 44 . 310 170 90 559 . . . . . . . . . Successful Hack 214 | . . . 7 . . . . 10 30 . . . . . . . . . 12 16 . . . 33 . . . . . 4 24 78 Select Force Hacks 100 | . . . . . . . . . . . . . . . . . . . . . . . 100 . . . . . . . . . Disable Machine 2580 | . 300 210 345 135 . 45 210 60 405 . . . . 60 . . . . 45 . . 60 150 90 . . . . 165 30 90 180 Anti-Garrison Action 150 | . . . . . . . . . . . . . . . . . . . . . . . . 150 . . . . . . . . Destroy Structure 2767 | . 91 23 117 25 . . 114 6 214 . . . . 25 . . . . 12 2 12 8 608 312 . . . . 142 207 213 636 Advance Influence 150 | . . . . . . . . . . . . . . 150 . . . . . . . . . . . . . . . . . . Partial Spotted 30 | . . . . . . . . . . . . . . . . . . . . . . . . 15 . . . . . . 15 . Lose Combat Pursuer 1065 | . . 15 75 . . 45 30 . 240 15 . . . 60 . . . . 15 . . . 165 30 . . 60 . 15 . 105 195 Influence Decreases 26988 | 10 535 691 591 1186 287 532 635 1113 922 1885 925 1454 175 770 1022 524 1128 270 340 855 513 499 755 1516 1423 642 1749 1165 419 619 1246 592 Entered New Map 13932 | . . 221 18 680 287 . 89 475 . 1329 399 1454 . . 666 222 1128 . 22 331 291 299 161 1246 1105 364 1499 1035 . 173 148 290 Time Decay 11162 | 10 535 470 573 506 . 492 546 254 462 556 526 . 175 770 356 302 . 270 318 374 222 160 374 270 318 278 250 130 419 446 498 302 Lost Ally 310 | . . . . . . 40 . . 10 . . . . . . . . . . . . 40 220 . . . . . . . . . Purge Threat 1584 | . . . . . . . . 384 450 . . . . . . . . . . 150 . . . . . . . . . . 600 . Squads Dispatched 198 | . 5 . 3 . . . 8 . 50 . . . . 27 . 1 . . 13 1 . . 18 19 . . . . 4 3 5 41 Investigation 19 | . 3 . 1 . . . 1 . . . . . . 3 . . . . 2 . . . 5 . . . . . 2 1 . 1 Extermination 33 | . . . . . . . . . 13 . . . . 9 . . . . 2 . . . 2 1 . . . . . . 4 2 Reinforcement 28 | . 2 . 2 . . . 5 . 4 . . . . 4 . . . . 1 . . . 3 . . . . . 2 2 1 2 Assault 96 | . . . . . . . 2 . 27 . . . . 8 . 1 . . . 1 . . 4 17 . . . . . . . 36 Garrison 22 | . . . . . . . . . 6 . . . . 3 . . . . 8 . . . 4 1 . . . . . . . . Intercept . | . . . . . . . . . . . . . . . . . . . . . . . . . . . . . . . . . Searches Triggered . | . . . . . . . . . . . . . . . . . . . . . . . . . . . . . . . . . Unchained Authorized 3 | . . . . . . . . . . . . . . 1 . . . . . . . . . 1 . . . . . . 1 . Construction Impeded 4 | . . . 1 . . . 1 . . . . . . 1 . . . . . . . . . . . . . . . . 1 . Haulers Reinforced 4 | . . . . . . . . . 1 . . . . . . . . . 1 . . . . . . . . . 1 1 . . Active Scanning Responses . | . . . . . . . . . . . . . . . . . . . . . . . . . . . . . . . . . Cargo Convoy Interrupts 1 | . . . . . . . . . 1 . . . . . . . . . . . . . . . . . . . . . . . Stealth | -11 -10 -10 -9 -9 -9 -8 -8 -8 -7 -7 -7 -7 -6 -6 -6 -6 -6 -5 -5 -5 -5 -5 -5 -4 -4 -4 -4 -3 -3 -2 -1 -1 --------- Run | Yrd Mat Min Mat Min Exi Min Mat Sto Fac Low Low Dat Pro Fac Low Low Zio Pro Fac Ext Cet Arc Hub Fac Upp Upp War Pro Res Res Acc Com Distress Signals 49 | . 2 . 5 . . . 1 1 3 . . . . 2 . . . . 4 2 1 1 5 1 . . . . 7 6 3 5 Communications Jammed . | . . . . . . . . . . . . . . . . . . . . . . . . . . . . . . . . . Distress Signals . | . . . . . . . . . . . . . . . . . . . . . . . . . . . . . . . . . Times Spotted 1201 | . 28 18 50 8 . 25 53 10 175 16 12 . 10 98 18 22 . 11 30 21 6 7 69 75 7 6 75 5 19 12 44 271 Peak Tracking Total 43 | . 6 2 6 3 . 3 5 4 9 5 4 . 3 5 7 10 . 3 3 5 5 2 11 12 5 3 14 4 5 2 5 43 Tactical Retreats 51 | . . 3 3 . . 2 2 . 10 1 . . . 4 . . . . 1 . . . 5 2 . . 3 . 1 . 4 10 Traps | -11 -10 -10 -9 -9 -9 -8 -8 -8 -7 -7 -7 -7 -6 -6 -6 -6 -6 -5 -5 -5 -5 -5 -5 -4 -4 -4 -4 -3 -3 -2 -1 -1 ------- Run | Yrd Mat Min Mat Min Exi Min Mat Sto Fac Low Low Dat Pro Fac Low Low Zio Pro Fac Ext Cet Arc Hub Fac Upp Upp War Pro Res Res Acc Com Traps Triggered 37 | . 4 . 7 . . . 1 1 3 . . . . 3 . . . . . 1 . . 2 . . . . . 7 1 2 5 Indirectly . | . . . . . . . . . . . . . . . . . . . . . . . . . . . . . . . . . Trap Hack Attempts . | . . . . . . . . . . . . . . . . . . . . . . . . . . . . . . . . . Triggered . | . . . . . . . . . . . . . . . . . . . . . . . . . . . . . . . . . Disarmed . | . . . . . . . . . . . . . . . . . . . . . . . . . . . . . . . . . Reprogrammed . | . . . . . . . . . . . . . . . . . . . . . . . . . . . . . . . . . Reused . | . . . . . . . . . . . . . . . . . . . . . . . . . . . . . . . . . Traps Extracted . | . . . . . . . . . . . . . . . . . . . . . . . . . . . . . . . . . Installed . | . . . . . . . . . . . . . . . . . . . . . . . . . . . . . . . . . Triggered . | . . . . . . . . . . . . . . . . . . . . . . . . . . . . . . . . . Machines | -11 -10 -10 -9 -9 -9 -8 -8 -8 -7 -7 -7 -7 -6 -6 -6 -6 -6 -5 -5 -5 -5 -5 -5 -4 -4 -4 -4 -3 -3 -2 -1 -1 ---------- Run | Yrd Mat Min Mat Min Exi Min Mat Sto Fac Low Low Dat Pro Fac Low Low Zio Pro Fac Ext Cet Arc Hub Fac Upp Upp War Pro Res Res Acc Com Machines Disabled 188 | . 23 14 23 9 . 3 14 4 27 1 . . . 4 . 1 . 2 3 1 . 4 10 7 4 1 2 . 11 2 6 12 Max in Single Turn 7 | . 2 1 3 6 . 1 1 1 7 1 . . . 3 . 1 . 2 1 . . 1 3 2 2 1 1 . 2 1 1 2 Garrison Access 7 | . . . . . . . . 1 . . . . . . . . . . . . . . 1 1 . . . . 2 1 1 . Network Hub 4 | . . . . . . . . . . . . . . . . . . . . . . . 4 . . . . . . . . . Machines Repaired . | . . . . . . . . . . . . . . . . . . . . . . . . . . . . . . . . . Machines Dismantled . | . . . . . . . . . . . . . . . . . . . . . . . . . . . . . . . . . Machines Sabotaged 2 | . . . . . . . . . . . . . . . . . . . . . . . 2 . . . . . . . . . Overloaded Fab Kills . | . . . . . . . . . . . . . . . . . . . . . . . . . . . . . . . . . Hacking | -11 -10 -10 -9 -9 -9 -8 -8 -8 -7 -7 -7 -7 -6 -6 -6 -6 -6 -5 -5 -5 -5 -5 -5 -4 -4 -4 -4 -3 -3 -2 -1 -1 --------- Run | Yrd Mat Min Mat Min Exi Min Mat Sto Fac Low Low Dat Pro Fac Low Low Zio Pro Fac Ext Cet Arc Hub Fac Upp Upp War Pro Res Res Acc Com Machines Accessed 64 | . 1 . 2 1 1 . . 8 3 . . . 1 4 2 . . . 7 5 . . 6 3 2 . 2 . 3 2 6 5 Terminals 45 | . . . 1 . . . . 7 3 . . . 1 3 . . . . 6 5 . . 6 1 . . . . 1 2 4 5 Fabricators 1 | . . . . . . . . . . . . . . 1 . . . . . . . . . . . . . . . . . . Repair Stations 1 | . . . . . . . . . . . . . . . . . . . . . . . . 1 . . . . . . . . Recycling Units 1 | . 1 . . . . . . . . . . . . . . . . . . . . . . . . . . . . . . . Scanalyzers 3 | . . . 1 . . . . . . . . . . . . . . . 1 . . . . 1 . . . . . . . . Garrison Access 5 | . . . . . . . . 1 . . . . . . . . . . . . . . . . . . . . 2 . 2 . Total Hacks 199 | . 1 . 4 1 4 . . 20 12 . . . 1 10 13 . . . 16 8 . . 14 8 8 . 8 . 6 8 32 25 Successful 99 | . 1 . 3 1 4 . . 8 7 . . . 1 4 13 . . . 6 4 . . 7 5 8 . 8 . 3 1 10 5 Failed 100 | . . . 1 . . . . 12 5 . . . . 6 . . . . 10 4 . . 7 3 . . . . 3 7 22 20 Catastrophic 34 | . . . . . . . . 2 . . . . . 3 . . . . 3 . . . 1 . . . . . 1 6 12 6 Database Lockouts . | . . . . . . . . . . . . . . . . . . . . . . . . . . . . . . . . . Manual 71 | . . . . . . . . 14 7 . . . . 5 . . . . 11 1 1 . 14 1 . . 1 . 3 7 3 3 Terminals 143 | . . . 1 . . . . 19 12 . . . 1 7 . . . . 15 8 . . 14 1 . . . . 3 8 29 25 Fabricators 3 | . . . . . . . . . . . . . . 3 . . . . . . . . . . . . . . . . . . Repair Stations 4 | . . . . . . . . . . . . . . . . . . . . . . . . 4 . . . . . . . . Recycling Units 1 | . 1 . . . . . . . . . . . . . . . . . . . . . . . . . . . . . . . Scanalyzers 7 | . . . 3 . . . . . . . . . . . . . . . 1 . . . . 3 . . . . . . . . Garrison Access 7 | . . . . . . . . 1 . . . . . . . . . . . . . . . . . . . . 3 . 3 . Terminal Hacks 70 | . . . 1 1 4 . . 6 5 . . . 1 . 13 . . . 4 4 . . 1 1 8 . 8 . . 1 8 4 Record 24 | . . . . . 4 . . . . . . . 1 . 12 . . . . . . . . . 7 . . . . . . . Part Schematic 1 | . . . . . . . . 1 . . . . . . . . . . . . . . . . . . . . . . . . Prototype ID Bank 8 | . . . . . . . . . . . . . . . . . . . . . . . . . . . 8 . . . . . Open Door 6 | . . . . 1 . . . 1 . . . . . . 1 . . . 1 1 . . . . 1 . . . . . . . Open DSF 2 | . . . . . . . . . . . . . . . . . . . 1 . . . . . . . . . . 1 . . Level Access Points 1 | . . . . . . . . . . . . . . . . . . . . . . . . . . . . . . . 1 . Branch Access Points 5 | . . . 1 . . . . . 1 . . . . . . . . . 1 . . . . 1 . . . . . . 1 . Terminal Index 2 | . . . . . . . . . . . . . . . . . . . 1 . . . . . . . . . . . . 1 Alert Level 1 | . . . . . . . . . . . . . . . . . . . . . . . 1 . . . . . . . . . Unreport Threat 11 | . . . . . . . . 3 3 . . . . . . . . . . 1 . . . . . . . . . . 4 . Locate Traps 7 | . . . . . . . . . 1 . . . . . . . . . . 1 . . . . . . . . . . 2 3 Zone Layout 2 | . . . . . . . . 1 . . . . . . . . . . . 1 . . . . . . . . . . . . Fabricator Hacks 3 | . . . . . . . . . . . . . . 3 . . . . . . . . . . . . . . . . . . Network Status 1 | . . . . . . . . . . . . . . 1 . . . . . . . . . . . . . . . . . . Load Schematic 1 | . . . . . . . . . . . . . . 1 . . . . . . . . . . . . . . . . . . Build 1 | . . . . . . . . . . . . . . 1 . . . . . . . . . . . . . . . . . . Repair Station Hacks 2 | . . . . . . . . . . . . . . . . . . . . . . . . 2 . . . . . . . . Scan Component 1 | . . . . . . . . . . . . . . . . . . . . . . . . 1 . . . . . . . . Repair 1 | . . . . . . . . . . . . . . . . . . . . . . . . 1 . . . . . . . . Recycling Unit Hacks 1 | . 1 . . . . . . . . . . . . . . . . . . . . . . . . . . . . . . . Retrieve Components 1 | . 1 . . . . . . . . . . . . . . . . . . . . . . . . . . . . . . . Scanalyzer 5 | . . . 2 . . . . . . . . . . . . . . . 1 . . . . 2 . . . . . . . . Retrieve Study 5 | . . . 2 . . . . . . . . . . . . . . . 1 . . . . 2 . . . . . . . . Garrison Access Hacks 4 | . . . . . . . . 1 . . . . . . . . . . . . . . . . . . . . 2 . 1 . Seal Access 4 | . . . . . . . . 1 . . . . . . . . . . . . . . . . . . . . 2 . 1 . Unauthorized Hacks 14 | . . . . . . . . 1 2 . . . . 1 . . . . 1 . . . 6 . . . . . 1 . 1 1 Terminals 14 | . . . . . . . . 1 2 . . . . 1 . . . . 1 . . . 6 . . . . . 1 . 1 1 Assimilate 1 | . . . . . . . . . 1 . . . . . . . . . . . . . . . . . . . . . . . Botnet 8 | . . . . . . . . 1 1 . . . . 1 . . . . 1 . . . 1 . . . . . 1 . 1 1 Sabotage 5 | . . . . . . . . . . . . . . . . . . . . . . . 5 . . . . . . . . . Fabricators . | . . . . . . . . . . . . . . . . . . . . . . . . . . . . . . . . . Repair Stations . | . . . . . . . . . . . . . . . . . . . . . . . . . . . . . . . . . Recycling Units . | . . . . . . . . . . . . . . . . . . . . . . . . . . . . . . . . . Scanalyzers . | . . . . . . . . . . . . . . . . . . . . . . . . . . . . . . . . . Garrison Access . | . . . . . . . . . . . . . . . . . . . . . . . . . . . . . . . . . Data Cores Recovered 6 | . . . . . . . . . 2 . . . . . . . . . . . . . . 1 . . . . 1 . . 2 Used 1 | . . . . . . . . . . . . . . . . . . . . . . . . 1 . . . . . . . . Hacking Detections 36 | . 1 . 2 . . . . 6 2 . . . . 4 . . . . 4 4 . . 2 . . . . . . 1 5 5 Full Trace Events 7 | . . . . . . . . . . . . . . 3 . . . . 2 . . . . . . . . . . 1 . 1 Feedback Events . | . . . . . . . . . . . . . . . . . . . . . . . . . . . . . . . . . Feedback Blocked . | . . . . . . . . . . . . . . . . . . . . . . . . . . . . . . . . . Robot Schematics Acquired 3 | . . . . . . . . . . . . . . . . . 3 . . . . . . . . . . . . . . . Robots Built . | . . . . . . . . . . . . . . . . . . . . . . . . . . . . . . . . . Authchips . | . . . . . . . . . . . . . . . . . . . . . . . . . . . . . . . . . Time . | . . . . . . . . . . . . . . . . . . . . . . . . . . . . . . . . . Total Robot Build Rating . | . . . . . . . . . . . . . . . . . . . . . . . . . . . . . . . . . Part Schematics Acquired 16 | . . . . . . . . 1 . . . . . . . . 15 . . . . . . . . . . . . . . . Parts Built 2 | . . . . . . . . . . . . . . 2 . . . . . . . . . . . . . . . . . . Authchips . | . . . . . . . . . . . . . . . . . . . . . . . . . . . . . . . . . Time 73 | . . . . . . . . . . . . . . 73 . . . . . . . . . . . . . . . . . . Total Part Build Rating 6 | . . . . . . . . . . . . . . 6 . . . . . . . . . . . . . . . . . . Part Studies Acquired 5 | . . . 2 . . . . . . . . . . . . . . . 1 . . . . 2 . . . . . . . . Parts Repaired 1 | . . . . . . . . . . . . . . . . . . . . . . . . 1 . . . . . . . . Time 124 | . . . . . . . . . . . . . . . . . . . . . . . . 124 . . . . . . . . Parts Recycled . | . . . . . . . . . . . . . . . . . . . . . . . . . . . . . . . . . Recycled Matter . | . . . . . . . . . . . . . . . . . . . . . . . . . . . . . . . . . Retrieved Matter . | . . . . . . . . . . . . . . . . . . . . . . . . . . . . . . . . . Retrieved Components . | . . . . . . . . . . . . . . . . . . . . . . . . . . . . . . . . . Parts Scanalyzed . | . . . . . . . . . . . . . . . . . . . . . . . . . . . . . . . . . Part Schematics Acquired . | . . . . . . . . . . . . . . . . . . . . . . . . . . . . . . . . . Parts Damaged . | . . . . . . . . . . . . . . . . . . . . . . . . . . . . . . . . . Bothacking | -11 -10 -10 -9 -9 -9 -8 -8 -8 -7 -7 -7 -7 -6 -6 -6 -6 -6 -5 -5 -5 -5 -5 -5 -4 -4 -4 -4 -3 -3 -2 -1 -1 ------------ Run | Yrd Mat Min Mat Min Exi Min Mat Sto Fac Low Low Dat Pro Fac Low Low Zio Pro Fac Ext Cet Arc Hub Fac Upp Upp War Pro Res Res Acc Com Used RIF Installer . | . . . . . . . . . . . . . . . . . . . . . . . . . . . . . . . . . Robots Hacked . | . . . . . . . . . . . . . . . . . . . . . . . . . . . . . . . . . Non-combat . | . . . . . . . . . . . . . . . . . . . . . . . . . . . . . . . . . Combat . | . . . . . . . . . . . . . . . . . . . . . . . . . . . . . . . . . Robot Hacks Applied . | . . . . . . . . . . . . . . . . . . . . . . . . . . . . . . . . . Relay Couplers Released 5 | . . . . . . . . . . . . . . 2 . . . . 1 . . . 1 1 . . . . . . . . Machine Destruction 2 | . . . . . . . . . . . . . . . . . . . . . . . 1 1 . . . . . . . . Programmers 3 | . . . . . . . . . . . . . . 2 . . . . 1 . . . . . . . . . . . . . Fabnet Peak Effective % . | . . . . . . . . . . . . . . . . . . . . . . . . . . . . . . . . . Robots Rewired 12 | . . . . . . . . . . . . . . . . 2 . . . 10 . . . . . . . . . . . . Allies Hacked . | . . . . . . . . . . . . . . . . . . . . . . . . . . . . . . . . . Hacks Repelled . | . . . . . . . . . . . . . . . . . . . . . . . . . . . . . . . . . Allies | -11 -10 -10 -9 -9 -9 -8 -8 -8 -7 -7 -7 -7 -6 -6 -6 -6 -6 -5 -5 -5 -5 -5 -5 -4 -4 -4 -4 -3 -3 -2 -1 -1 -------- Run | Yrd Mat Min Mat Min Exi Min Mat Sto Fac Low Low Dat Pro Fac Low Low Zio Pro Fac Ext Cet Arc Hub Fac Upp Upp War Pro Res Res Acc Com Total Allies 31 | . . . . 4 . . . . 1 . . . . . . 2 . . . 19 5 . . . . . . . . . . . Largest Group 24 | . . . . 3 3 3 . . 1 . . . . . . 2 2 2 . 19 24 21 18 . . . . . . . . . Highest-Rated Group 1142 | . . . . 40 40 40 . . 10 . . . . . . 61 61 61 . 662 1142 996 781 . . . . . . . . . Highest-Rated Ally 159 | . . . . 31 16 16 . . 10 . . . . . . 32 32 32 . 159 159 159 96 . . . . . . . . . Total Orders 2 | . . . . . . . . . 2 . . . . . . . . . . . . . . . . . . . . . . . STAY 1 | . . . . . . . . . 1 . . . . . . . . . . . . . . . . . . . . . . . FOLLOW 1 | . . . . . . . . . 1 . . . . . . . . . . . . . . . . . . . . . . . Ally Attacks 228 | . . . . . . 20 . . . . . . . . . . . 6 . 22 9 34 137 . . . . . . . . . Total Damage 4735 | . . . . . . 165 . . . . . . . . . . . 100 . 515 210 663 3082 . . . . . . . . . Kills 33 | . . . . . . 5 . . . . . . . . . . . 2 . 7 1 2 16 . . . . . . . . . Allies Corrupted 3 | . . . . . . . . . . . . . . . . . . . . . . . 3 . . . . . . . . . Allies Melted 1 | . . . . . . . . . . . . . . . . . . . . . . . . . . . . . . 1 . . Intel | -11 -10 -10 -9 -9 -9 -8 -8 -8 -7 -7 -7 -7 -6 -6 -6 -6 -6 -5 -5 -5 -5 -5 -5 -4 -4 -4 -4 -3 -3 -2 -1 -1 ------- Run | Yrd Mat Min Mat Min Exi Min Mat Sto Fac Low Low Dat Pro Fac Low Low Zio Pro Fac Ext Cet Arc Hub Fac Upp Upp War Pro Res Res Acc Com Active Infowar (turns) 2576 | 39 2048 488 . . . . . . . . . . . . . . . . . . . . . . . . 1 . . . . . Optics 1 | . . . . . . . . . . . . . . . . . . . . . . . . . . . 1 . . . . . Seismic 2575 | 39 2048 488 . . . . . . . . . . . . . . . . . . . . . . . . . . . . . . Robot Analysis Total . | . . . . . . . . . . . . . . . . . . . . . . . . . . . . . . . . . Derelict Logs Recovered 16 | . . 2 . 1 . . . . . 1 2 . 2 . 2 2 1 1 . . . . . . . 2 . . . . . . Drone Launches . | . . . . . . . . . . . . . . . . . . . . . . . . . . . . . . . . . Drone Recoveries . | . . . . . . . . . . . . . . . . . . . . . . . . . . . . . . . . . Exploration | -11 -10 -10 -9 -9 -9 -8 -8 -8 -7 -7 -7 -7 -6 -6 -6 -6 -6 -5 -5 -5 -5 -5 -5 -4 -4 -4 -4 -3 -3 -2 -1 -1 ------------- Run | Yrd Mat Min Mat Min Exi Min Mat Sto Fac Low Low Dat Pro Fac Low Low Zio Pro Fac Ext Cet Arc Hub Fac Upp Upp War Pro Res Res Acc Com Turns Passed 45064 | 111 2048 1193 2064 1375 250 1517 1561 582 7909 1633 1468 53 1556 4973 802 675 516 596 719 869 467 339 865 1018 718 605 986 368 1478 1106 1337 3307 Spaces Moved 27906 | 60 958 581 842 779 157 786 679 275 3122 904 828 33 886 1641 951 782 655 742 725 639 192 105 742 713 777 693 801 477 1796 1363 1274 1948 Core 6 | 2 . . 3 . . . . . . . . . . . . . . . . . . . . . . . . . . . . 1 Treads 27900 | 58 958 581 839 779 157 786 679 275 3122 904 828 33 886 1641 951 782 655 742 725 639 192 105 742 713 777 693 801 477 1796 1363 1274 1947 Legs . | . . . . . . . . . . . . . . . . . . . . . . . . . . . . . . . . . Wheels . | . . . . . . . . . . . . . . . . . . . . . . . . . . . . . . . . . Hover . | . . . . . . . . . . . . . . . . . . . . . . . . . . . . . . . . . Flight . | . . . . . . . . . . . . . . . . . . . . . . . . . . . . . . . . . Fastest Speed 50 | 50 160 160 150 160 160 160 160 170 165 165 165 165 165 70 70 70 70 70 70 70 70 70 70 70 70 70 70 70 70 70 70 70 Average Speed 110 | 156 160 160 159 160 160 160 165 170 166 165 165 165 165 116 70 70 70 70 70 70 70 70 70 70 70 79 70 70 70 70 79 70 Slowest Speed 250 | 160 160 160 160 160 160 160 170 170 170 165 165 165 165 165 70 70 70 70 70 70 70 70 70 70 70 150 150 70 150 150 150 250 Overloaded Moves . | . . . . . . . . . . . . . . . . . . . . . . . . . . . . . . . . . Propulsion Burnouts . | . . . . . . . . . . . . . . . . . . . . . . . . . . . . . . . . . Robots Hopped . | . . . . . . . . . . . . . . . . . . . . . . . . . . . . . . . . . Potential Cave-ins 4 | . . . . . . . . . . . . . . . . . . . . . . . . . . . 4 . . . . . Cave-ins Triggered 1 | . . . . . . . . . . . . . . . . . . . . . . . 1 . . . . . . . . . Exploration Rate (%) 66 | 5 97 99 93 99 54 97 41 53 51 96 92 44 94 37 93 88 77 87 17 85 68 73 59 13 90 75 77 58 61 62 35 29 Regions Visited 32 Branch Regions 22 Pre-discovered Areas 5 | . . . . . 1 . . . . . . . 1 . 1 . 1 . . . . . . . 1 . . . . . . . Known Exits Taken 11 | . . . 1 . . 1 1 1 1 . . . . . . 1 . 1 1 . . . . 1 . . . . . 1 1 . Unknown Exits Taken 21 | 1 1 1 . 1 1 . . . . 1 1 1 1 1 1 . 1 . . 1 1 1 1 . 1 1 1 1 1 . . . Scrap Searched 33 | . . 2 . 2 . 1 . . . 3 5 . 1 . 4 2 4 4 . . . . . . 2 2 . 1 . . . . Spaces Dug 32 | . . . . . . . 4 . 2 . . . . . . . . . 1 . . . . 8 14 . . . 3 . . . Terrain Destroyed 2215 | . 100 23 98 28 . . 135 4 248 . . . . 26 . . . . 5 2 6 7 380 198 120 52 115 37 103 92 128 308 Melee . | . . . . . . . . . . . . . . . . . . . . . . . . . . . . . . . . . Projectile 1339 | . . . 6 . . . 7 4 12 . . . . . . . . . 5 2 6 7 245 153 120 52 86 37 78 92 127 300 AOE 867 | . 100 23 92 28 . . 128 . 236 . . . . 26 . . . . . . . . 135 45 . . 29 . 25 . . . Terrain Rammed . | . . . . . . . . . . . . . . . . . . . . . . . . . . . . . . . . . Walls Destroyed . | . . . . . . . . . . . . . . . . . . . . . . . . . . . . . . . . . Machines Disabled . | . . . . . . . . . . . . . . . . . . . . . . . . . . . . . . . . . Actions | -11 -10 -10 -9 -9 -9 -8 -8 -8 -7 -7 -7 -7 -6 -6 -6 -6 -6 -5 -5 -5 -5 -5 -5 -4 -4 -4 -4 -3 -3 -2 -1 -1 --------- Run | Yrd Mat Min Mat Min Exi Min Mat Sto Fac Low Low Dat Pro Fac Low Low Zio Pro Fac Ext Cet Arc Hub Fac Upp Upp War Pro Res Res Acc Com Total 39041 | 68 1283 720 1237 842 156 948 923 348 5223 999 906 32 947 4435 1049 877 712 796 851 1022 508 361 965 1113 910 727 1154 501 1947 1450 1505 3526 Wait 7446 | . 160 55 149 26 . 59 97 11 1615 23 18 . 19 2456 36 14 57 . 34 250 276 229 29 224 29 8 201 6 36 21 93 1215 Move 27874 | 59 957 580 841 778 156 785 678 274 3121 903 827 32 885 1640 950 781 654 741 724 638 191 104 741 712 776 692 800 476 1795 1362 1273 1948 Hop . | . . . . . . . . . . . . . . . . . . . . . . . . . . . . . . . . . Pick Up 174 | . 2 1 1 . . 6 6 3 22 3 13 . 7 12 1 3 . 6 6 5 1 2 5 11 2 2 19 1 6 5 6 17 Fast Attach 108 | 6 6 1 20 . . 3 . 2 9 . . . . 8 . 2 . . . 1 2 5 3 4 1 1 4 . 10 7 4 9 Attach 13 | . . . . . . . . . 2 . . . . . . . 1 . . . . . . 1 . . 3 . . 1 2 3 Detach 3 | . . . . . . . . . 1 . . . . . . . . . . . . . . . . . 1 . . . 1 . Swap 143 | . 3 1 8 2 . 1 5 10 30 . 2 . . 10 . . . 3 2 . 6 . 4 9 11 1 16 . 2 3 2 12 Drop 255 | . 8 3 13 1 . 9 8 15 33 2 11 . 7 22 1 3 . 9 4 6 5 6 8 10 2 2 22 2 9 11 7 16 Fire 1665 | 3 128 57 176 26 . 37 89 19 279 23 13 . 15 148 26 22 . 17 58 30 10 7 70 65 20 13 40 6 29 20 52 167 Melee . | . . . . . . . . . . . . . . . . . . . . . . . . . . . . . . . . . Ram . | . . . . . . . . . . . . . . . . . . . . . . . . . . . . . . . . . Kick . | . . . . . . . . . . . . . . . . . . . . . . . . . . . . . . . . . Crush 5 | . . . . 2 . . 2 . . . . . . . . . . . . . . . . . . . . . . . . 1 Escape Stasis 6 | . . . . . . . . . . . . . . . . . . . . . . . . . . . . . . . . 6 Rewire 94 | . . . . . . . . . . . . . . . . 26 . . . 68 . . . . . . . . . . . . Trap . | . . . . . . . . . . . . . . . . . . . . . . . . . . . . . . . . . Miscellaneous 1255 | . 19 22 29 7 . 48 38 14 111 45 22 . 14 139 35 26 . 20 23 24 17 8 105 77 69 8 48 10 60 20 65 132 Route ------- -11/Scrapyard -10/Materials (discovered 5 exits: *Mat x3 / [*Min x2]) -10/Mines (discovered 3 exits: *Mat x2 / [*Sub]) -9/Materials (discovered 5 exits: *Mat x3 / *Min x2) -9/Mines (discovered 3 exits: *Mat x2 / *Exi) -9/Exiles -8/Mines (discovered 2 exits: *Mat x2) -8/Materials (discovered 3 exits: *Fac / *Sto x2) -8/Storage -7/Factory (discovered 3 exits: *Fac / *Low x2) -7/Lower Caves -7/Lower Caves (discovered 2 exits: *Fac / [*Dat]) -7/Data Miner -6/Proximity Caves -6/Factory (discovered 3 exits: *Fac x2 / *Low) -6/Lower Caves -6/Lower Caves (discovered 2 exits: *Fac / *Zio) -6/Zion -5/Proximity Caves -5/Factory (discovered 4 exits: Upp x2 / *Ext x2) -5/Extension (discovered 3 exits: *Fac x2 / *Cet) -5/Cetus (discovered 2 exits: *Fac / [*Arc]) -5/Archives (discovered 2 exits: *Fac / *Hub) -5/Hub_04(d) (discovered 2 exits: *Fac x2) -4/Factory (discovered 4 exits: *Res / *Upp x2 / Arm) -4/Upper Caves -4/Upper Caves (discovered 2 exits: *Res / *War) -4/Warlord -3/Proximity Caves -3/Research (discovered 2 exits: *Res x2) -2/Research (discovered 3 exits: *Acc / *Qua x2) -1/Access (discovered 2 exits: Sur / *Com) -1/Command History --------- Turn | Location | Event 1 | -11/Scrapyard | Upgraded with Weapon slot (x3) 6 | -11/Scrapyard | Discovered new exit (range 15) 112 | -11/Scrapyard | Entered Materials 306 | -10/Materials | Build established: Gunner 385 | -10/Materials | Discovered new exit (range 5) 441 | -10/Materials | Discovered new exit (range 16) 938 | -10/Materials | Reached level 2 942 | -10/Materials | Upgraded with Propulsion slot (x1) 963 | -10/Materials | Discovered new exit (range 12) 1426 | -10/Materials | Discovered new exit (range 8) 1686 | -10/Materials | Discovered new exit (range 16) 1748 | -10/Materials | Reached level 3 1785 | -10/Materials | Upgraded with Weapon slot (x1) 2160 | -10/Materials | Entered Mines 2163 | -10/Mines | Discovered new exit (range 9) 2176 | -10/Mines | Reached level 4 2184 | -10/Mines | Met a Derelict bent on vengeance 2263 | -10/Mines | Assembled infested the area 2558 | -10/Mines | Destroyed 11 combat bots 2575 | -10/Mines | Found DCF Scrap (12 items) 2860 | -10/Mines | Discovered new exit (range 3) 3021 | -10/Mines | Discovered new exit (range 9) 3063 | -10/Mines | Learned 2 Materials zone layouts 3279 | -10/Mines | Found a damaged Exp. Sensor Array with a note attached 3353 | -10/Mines | Entered Materials 3354 | -9/Materials | Identified exit to Materials 3355 | -9/Materials | Reached level 5 3631 | -9/Materials | Reached level 6 3917 | -9/Materials | Identified exit to Mines 3955 | -9/Materials | Reached level 7 4142 | -9/Materials | Upgraded with Weapon slot (x2) 4463 | -9/Materials | Build established: Scavenger-Executioner 4463 | -9/Materials | Reached level 8 4490 | -9/Materials | Discovered exit to Materials (range 16) 5134 | -9/Materials | Reached level 9 5219 | -9/Materials | Discovered exit to Materials (range 16) 5417 | -9/Materials | Entered Mines 5672 | -9/Mines | Learned 2 Materials zone layouts 5722 | -9/Mines | Met a Derelict who couldn't figure out how to use a Trap Extractor 5953 | -9/Mines | Discovered exit to Materials (range 15) 6001 | -9/Mines | Deemed a non-threat by the Exiles lab entrance 6030 | -9/Mines | Discovered exit to Materials (range 9) 6075 | -9/Mines | Core integrity fell below 50% 6077 | -9/Mines | Destroyed YI-UF0 6256 | -9/Mines | Received a Mining Laser from a helpful Derelict 6444 | -9/Mines | Assisted by bots powering up and referring to "LRC-V3" 6784 | -9/Mines | Discovered new exit (range 5) 6792 | -9/Mines | Entered Exiles 6792 | -9/Exiles | Accompanied by 3 allies 6794 | -9/Exiles | Reached level 10 6836 | -9/Exiles | Met 8R-AWN 6860 | -9/Exiles | Met EX-HEX 6903 | -9/Exiles | Met EX-BIN 6922 | -9/Exiles | Aligned with FarCom system 6924 | -9/Exiles | Given EX-Vault access code 6968 | -9/Exiles | Met EX-DEC 6978 | -9/Exiles | Learned location of Zion (-6) 7028 | -9/Exiles | Discovered new exit (range 11) 7042 | -9/Exiles | Entered Mines 7042 | -8/Mines | Accompanied by 3 allies 7372 | -8/Mines | Reached level 11 7456 | -8/Mines | Discovered exit to Materials (range 8) 7752 | -8/Mines | Upgraded with Weapon slot (x2) 8281 | -8/Mines | Discovered exit to Materials (range 7) 8559 | -8/Mines | Entered Materials 8560 | -8/Materials | Identified exit to Storage 8561 | -8/Materials | Identified exit to Factory 8561 | -8/Materials | Reached level 12 8988 | -8/Materials | Reached level 13 9759 | -8/Materials | First assault squad dispatched 10120 | -8/Materials | Entered Storage 10122 | -8/Storage | Reached level 14 10354 | -8/Storage | Met 01-MTF 10534 | -8/Storage | Build established: Executioner 10537 | -8/Storage | Discovered exit to Factory (range 13) 10702 | -8/Storage | Entered Factory 10702 | -7/Factory | Accompanied by 1 ally (01-MTF) 10704 | -7/Factory | Reached level 15 10705 | -7/Factory | 01-MTF left 10827 | -7/Factory | Identified exit to Lower Caves 11452 | -7/Factory | Cargo convoy interrupted 11696 | -7/Factory | Destroyed 7 combat bots 12159 | -7/Factory | Garrison activated, responded to threat 12278 | -7/Factory | Reached level 16 13992 | -7/Factory | Discovered new exit (range 7) 14457 | -7/Factory | Garrison activated, responded to threat 14493 | -7/Factory | Reached level 17 14702 | -7/Factory | First assault squad dispatched 17440 | -7/Factory | High security lockdown imminent 17520 | -7/Factory | High security lockdown engaged 17662 | -7/Factory | Destroyed 10 combat bots 17753 | -7/Factory | Reached level 18 17895 | -7/Factory | System corruption reached 10% 18074 | -7/Factory | Destroyed 20 combat bots 18104 | -7/Factory | Sterilization system engaged 18104 | -7/Factory | Non-combat units ordered to evacuate 18144 | -7/Factory | Core integrity fell below 50% 18184 | -7/Factory | Destroyed 12 combat bots 18204 | -7/Factory | Combat units ordered to evacuate 18404 | -7/Factory | Ambient heat levels rising (+10) 18554 | -7/Factory | Ambient heat levels rising (+10) 18611 | -7/Factory | Entered Lower Caves 19121 | -7/Lower Caves | Entered a destroyed Warlord outpost 19504 | -7/Lower Caves | Attracted the attention of an 0b10 outpost 19843 | -7/Lower Caves | Discovered new exit (range 11) 19881 | -7/Lower Caves | Learned Factory stockpile data 20244 | -7/Lower Caves | Entered another Lower Caves area 20513 | -7/Lower Caves | Build established: Hacker-Executioner 20534 | -7/Lower Caves | Reached level 19 20638 | -7/Lower Caves | Encountered a Warlord checkpoint 20969 | -7/Lower Caves | Learned Factory emergency access door positions 20979 | -7/Lower Caves | Discovered new exit (range 15) 21208 | -7/Lower Caves | Spotted B-75 Beast 21217 | -7/Lower Caves | Destroyed B-75 Beast 21506 | -7/Lower Caves | Discovered new exit (range 13) 21700 | -7/Lower Caves | Learned Factory garrison access intel 21712 | -7/Lower Caves | Entered Data Miner 21712 | -7/Data Miner | Discovered new exit (range 6) 21744 | -7/Data Miner | Met Data Miner 21765 | -7/Data Miner | Entered Proximity Caves 21775 | -6/Proximity Caves | Learned location of Extension (-5) 21835 | -6/Proximity Caves | Spotter reported a threat 22308 | -6/Proximity Caves | Attracted the attention of an 0b10 checkpoint 23159 | -6/Proximity Caves | Discovered new exit (range 11) 23321 | -6/Proximity Caves | Entered Factory 23324 | -6/Factory | Loaded intel: 4 garrison access locations 23392 | -6/Factory | Garrison activated, responded to threat 23409 | -6/Factory | Reached level 20 23658 | -6/Factory | Destroyed 8 combat bots 23662 | -6/Factory | Fabricated Hpw. Tractor Beam? 23984 | -6/Factory | Unchained authorized (DW-4LL) 24024 | -6/Factory | Exiles provided nearest exit location to -5/Factory 24704 | -6/Factory | DW-4LL burst out of a wall 24704 | -6/Factory | Spotted DW-4LL 25014 | -6/Factory | DW-4LL burst out of a wall 25014 | -6/Factory | Spotted DW-4LL 25025 | -6/Factory | Core integrity fell below 50% 25031 | -6/Factory | Core integrity fell below 20% 25041 | -6/Factory | Destroyed DW-4LL 25065 | -6/Factory | Found Prototype Ballistic Gun 25065 | -6/Factory | Identified DW-4LL's Slamshotty 25072 | -6/Factory | Found Prototype Device 25072 | -6/Factory | Identified Exp. Weapon Cycler 25079 | -6/Factory | Found Prototype Treads 25079 | -6/Factory | Identified DW-4LL's Griptreads 25083 | -6/Factory | Discovered new exit (range 4) 25378 | -6/Factory | Discovered exit to Factory (range 16) 25421 | -6/Factory | First assault squad dispatched 25852 | -6/Factory | Reached level 21 28274 | -6/Factory | High security lockdown imminent 28294 | -6/Factory | Entered Lower Caves 28320 | -6/Lower Caves | Destroyed 8 combat bots 28361 | -6/Lower Caves | Attracted the attention of an 0b10 outpost 28436 | -6/Lower Caves | Destroyed 8 combat bots 28718 | -6/Lower Caves | Encountered a Warlord checkpoint 28796 | -6/Lower Caves | Attracted the attention of an 0b10 checkpoint 28936 | -6/Lower Caves | Discovered new exit (range 7) 29015 | -6/Lower Caves | Learned 4 Factory zone layouts 29096 | -6/Lower Caves | Entered another Lower Caves area 29150 | -6/Lower Caves | Discovered exit to Factory (range 4) 29152 | -6/Lower Caves | Attracted the attention of an 0b10 checkpoint 29304 | -6/Lower Caves | Identified exit to Zion 29391 | -6/Lower Caves | Attacked by a delusional Derelict stockpiling parts 29477 | -6/Lower Caves | Reached level 22 29483 | -6/Lower Caves | Attracted the attention of an 0b10 outpost 29509 | -6/Lower Caves | Destroyed 10 combat bots 29625 | -6/Lower Caves | Encountered a Warlord checkpoint 29684 | -6/Lower Caves | Learned location of 1 exit from Proximity Caves 29771 | -6/Lower Caves | Entered Zion 29771 | -6/Zion | Accompanied by 2 allies 29825 | -6/Zion | Discovered new exit (range 16) 29885 | -6/Zion | Given A8's code to call for help 30225 | -6/Zion | Upgraded with Weapon slot (x1) 30287 | -6/Zion | Entered Proximity Caves 30287 | -5/Proximity Caves | Accompanied by 2 allies 30671 | -5/Proximity Caves | Learned Factory trap positions 30677 | -5/Proximity Caves | Spotted B-75 Beast 30690 | -5/Proximity Caves | Destroyed B-75 Beast 30883 | -5/Proximity Caves | Entered Factory 30884 | -5/Factory | Identified exit to Upper Caves 30886 | -5/Factory | Loaded intel: 128 trap records 30917 | -5/Factory | Identified exit to DSF 30936 | -5/Factory | Reached level 23 31075 | -5/Factory | Garrison activated, responded to threat 31238 | -5/Factory | Garrison activated, responded to threat 31393 | -5/Factory | Identified exit to Extension 31494 | -5/Factory | Garrison activated, responded to threat 31602 | -5/Factory | Entered Extension 31667 | -5/Extension | Rescued a captive Derelict 31667 | -5/Extension | Rescued a captive Derelict 31731 | -5/Extension | Rescued A7 31736 | -5/Extension | Rescued a captive Derelict 31737 | -5/Extension | Rescued a captive Derelict 31771 | -5/Extension | Reached level 24 31827 | -5/Extension | Rescued a captive Derelict 31829 | -5/Extension | Rescued a captive Derelict 31902 | -5/Extension | First assault squad dispatched 32070 | -5/Extension | Build established: Commander-Executioner 32110 | -5/Extension | Spotted B-75 Beast 32133 | -5/Extension | Allies destroyed B-75 Beast 32145 | -5/Extension | Destroyed B-75 Beast 32177 | -5/Extension | Discovered new exit (range 3) 32322 | -5/Extension | Rescued a captive Derelict 32337 | -5/Extension | Rescued a captive Derelict 32340 | -5/Extension | Rescued a captive Derelict 32355 | -5/Extension | Discovered new exit (range 10) 32356 | -5/Extension | Discovered new exit (range 6) 32471 | -5/Extension | Entered Cetus 32471 | -5/Cetus | Accompanied by 19 allies (A7) 32476 | -5/Cetus | Acquired a Cetus Manufacturing Module code from A7 32481 | -5/Cetus | Spotted Cetus Guard 32482 | -5/Cetus | Spotted Cetus Guard 32484 | -5/Cetus | Destroyed Cetus Guard 32484 | -5/Cetus | Destroyed Cetus Guard 32484 | -5/Cetus | Spotted Cetus Guard 32485 | -5/Cetus | Spotted Cetus Guard 32486 | -5/Cetus | Destroyed Cetus Guard 32489 | -5/Cetus | Destroyed Cetus Guard 32569 | -5/Cetus | Started Cetus Manufacturing Module 32594 | -5/Cetus | Manufactured an Enhanced Grunt 32619 | -5/Cetus | Manufactured an Enhanced Grunt 32644 | -5/Cetus | Manufactured an Enhanced Grunt 32669 | -5/Cetus | Manufactured an Enhanced Grunt 32694 | -5/Cetus | Manufactured an Enhanced Grunt 32722 | -5/Cetus | Discovered new exit (range 16) 32739 | -5/Cetus | Destroyed Cetus Guard 32741 | -5/Cetus | Spotted Cetus Guard 32743 | -5/Cetus | Spotted Cetus Guard 32744 | -5/Cetus | Destroyed Cetus Guard 32745 | -5/Cetus | Allies destroyed Cetus Guard 32746 | -5/Cetus | Destroyed Cetus Guard 32754 | -5/Cetus | Discovered new exit (range 15) 32758 | -5/Cetus | Met Revision 17 32938 | -5/Cetus | Entered Archives 32938 | -5/Archives | Accompanied by 21 allies (A7) 32982 | -5/Archives | Discovered new exit (range 15) 32994 | -5/Archives | Discovered new exit (range 16) 33277 | -5/Archives | Entered Hub_04(d) 33277 | -5/Hub_04(d) | Accompanied by 18 allies 33370 | -5/Hub_04(d) | Discovered new exit (range 14) 33399 | -5/Hub_04(d) | Reached level 25 33399 | -5/Hub_04(d) | Network Hub disabled 33412 | -5/Hub_04(d) | Spotted Lightning 33414 | -5/Hub_04(d) | Spotted Lightning 33415 | -5/Hub_04(d) | Spotted Lightning 33416 | -5/Hub_04(d) | Upgraded with Weapon slot (x1) 33416 | -5/Hub_04(d) | Destroyed Lightning 33422 | -5/Hub_04(d) | System corruption reached 10% 33425 | -5/Hub_04(d) | Allies destroyed Lightning 33431 | -5/Hub_04(d) | Destroyed Lightning 33453 | -5/Hub_04(d) | Lost 3 allies 33495 | -5/Hub_04(d) | Spotted Lightning 33496 | -5/Hub_04(d) | Spotted Lightning 33499 | -5/Hub_04(d) | Spotted Lightning 33508 | -5/Hub_04(d) | Allies destroyed Lightning 33514 | -5/Hub_04(d) | Destroyed Lightning 33520 | -5/Hub_04(d) | Destroyed Lightning 33545 | -5/Hub_04(d) | Garrison activated, responded to threat 33546 | -5/Hub_04(d) | Crushed by falling debris 33550 | -5/Hub_04(d) | Lost 10 allies 33564 | -5/Hub_04(d) | Spotted Lightning 33564 | -5/Hub_04(d) | Spotted Lightning 33565 | -5/Hub_04(d) | Garrison activated, responded to threat 33570 | -5/Hub_04(d) | Spotted Lightning 33640 | -5/Hub_04(d) | Destroyed Lightning 33643 | -5/Hub_04(d) | Core integrity fell below 50% 33643 | -5/Hub_04(d) | Destroyed Lightning 33653 | -5/Hub_04(d) | Destroyed Lightning 33695 | -5/Hub_04(d) | Build established: Scavenger-Executioner 33755 | -5/Hub_04(d) | Destroyed B-75 Beast 33778 | -5/Hub_04(d) | Network Hub disabled 33778 | -5/Hub_04(d) | Network Hub disabled 33778 | -5/Hub_04(d) | Discovered new exit (range 8) 33877 | -5/Hub_04(d) | First assault squad dispatched 33986 | -5/Hub_04(d) | Destroyed 7 combat bots 34060 | -5/Hub_04(d) | Network Hub disabled 34142 | -5/Hub_04(d) | Entered Factory 34158 | -4/Factory | Reached level 26 34164 | -4/Factory | Upgraded with Utility slot (x1) 34245 | -4/Factory | Discovered new exit (range 4) 34268 | -4/Factory | Unchained authorized (QV-33N) 34459 | -4/Factory | Repaired Broken Adv. KE Penetrator? 34557 | -4/Factory | Discovered new exit (range 8) 34579 | -4/Factory | Identified exit to Upper Caves 34579 | -4/Factory | Identified exit to Armory 34642 | -4/Factory | First assault squad dispatched 34726 | -4/Factory | High security lockdown imminent 34806 | -4/Factory | High security lockdown engaged 34945 | -4/Factory | Reached level 27 34966 | -4/Factory | Destroyed 13 combat bots 34987 | -4/Factory | Core integrity fell below 50% 35043 | -4/Factory | Destroyed 16 combat bots 35132 | -4/Factory | Destroyed 10 combat bots 35160 | -4/Factory | Entered Upper Caves 35269 | -4/Upper Caves | Entered an active Warlord outpost 35278 | -4/Upper Caves | Destroyed WI-CPD(g) 35353 | -4/Upper Caves | Learned location of Armory (-4) 35353 | -4/Upper Caves | Learned Armory trap positions 35365 | -4/Upper Caves | Murdered 6 allies 35499 | -4/Upper Caves | Destroyed 7 combat bots 35648 | -4/Upper Caves | Attracted the attention of an 0b10 checkpoint 35683 | -4/Upper Caves | Upgraded with Utility slot (x1) 35801 | -4/Upper Caves | Destroyed 7 combat bots 35803 | -4/Upper Caves | Discovered new exit (range 9) 35878 | -4/Upper Caves | Entered another Upper Caves area 35891 | -4/Upper Caves | Discovered new exit (range 5) 35896 | -4/Upper Caves | Attracted the attention of an 0b10 checkpoint 36243 | -4/Upper Caves | Learned Research stockpile data 36286 | -4/Upper Caves | Found DCF Scrap (12 items) 36315 | -4/Upper Caves | Discovered new exit (range 15) 36332 | -4/Upper Caves | Learned Research stockpile data 36483 | -4/Upper Caves | Entered Warlord 36510 | -4/Warlord | System corruption cleaned by Quarantine Array 36672 | -4/Warlord | Met Warlord 36686 | -4/Warlord | Warlord's base attacked by MAIN.C 36845 | -4/Warlord | Reached level 28 36902 | -4/Warlord | Warlord forces counterattacked 36972 | -4/Warlord | Destroyed 10 combat bots 36988 | -4/Warlord | Spotted Executioner 37034 | -4/Warlord | Found Prototype Processor 37035 | -4/Warlord | Identified Exp. Targeting Computer 37042 | -4/Warlord | Found Prototype Processor 37043 | -4/Warlord | Identified Exp. Core Analyzer 37049 | -4/Warlord | Lost 5 allies 37053 | -4/Warlord | Discovered new exit (range 9) 37142 | -4/Warlord | Lost 8 allies 37188 | -4/Warlord | Spotted Executioner 37189 | -4/Warlord | Spotted Executioner 37194 | -4/Warlord | Destroyed Executioner 37194 | -4/Warlord | Destroyed Executioner 37230 | -4/Warlord | Lost 10 allies 37232 | -4/Warlord | Destroyed 7 combat bots 37287 | -4/Warlord | Spotted Executioner 37287 | -4/Warlord | Spotted Striker 37293 | -4/Warlord | Destroyed Executioner 37296 | -4/Warlord | Destroyed Striker 37319 | -4/Warlord | Destroyed 11 combat bots 37361 | -4/Warlord | Warlord base infiltrated, sounded retreat 37402 | -4/Warlord | Spotted Executioner 37404 | -4/Warlord | Destroyed Executioner 37406 | -4/Warlord | Spotted Striker 37407 | -4/Warlord | Destroyed Striker 37441 | -4/Warlord | Found Prototype Device 37441 | -4/Warlord | Identified Adv. Kinecellerator 37445 | -4/Warlord | Destroyed 13 combat bots 37469 | -4/Warlord | Entered Proximity Caves 37511 | -3/Proximity Caves | Found DCF Scrap (16 items) 37667 | -3/Proximity Caves | Discovered new exit (range 7) 37837 | -3/Proximity Caves | Entered Research 37839 | -3/Research | Reached level 29 37840 | -3/Research | Upgraded with Weapon slot (x1) 38037 | -3/Research | Revision forces began assault on 0b10 38181 | -3/Research | Discovered new exit (range 13) 38237 | -3/Research | Lost 3 allies 38331 | -3/Research | Lost 6 allies 38537 | -3/Research | Research terminal network offline 38905 | -3/Research | Spotted Striker 38910 | -3/Research | Spotted Striker 38910 | -3/Research | Destroyed Striker 38914 | -3/Research | Destroyed Striker 38930 | -3/Research | Spotted Striker 38940 | -3/Research | Destroyed Striker 38965 | -3/Research | Destroyed 9 combat bots 39177 | -3/Research | Discovered new exit (range 10) 39187 | -3/Research | Spotted Executioner 39187 | -3/Research | Spotted Striker 39259 | -3/Research | Spotted Striker 39260 | -3/Research | Destroyed Striker 39315 | -3/Research | Entered another Research area 39315 | -2/Research | Warlord forces began assault on 0b10 39317 | -2/Research | Reached level 30 39425 | -2/Research | Research machine network offline 39479 | -2/Research | Reached level 31 39650 | -2/Research | Spotted Executioner 39736 | -2/Research | Borebot progress halted 39738 | -2/Research | Discovered new exit (range 6) 39813 | -2/Research | Borebot progress halted 39888 | -2/Research | Borebot progress halted 39946 | -2/Research | Spotted Executioner 39946 | -2/Research | Destroyed Executioner 40048 | -2/Research | Discovered new exit (range 9) 40088 | -2/Research | Spotted B-90 Cyclops 40093 | -2/Research | Destroyed B-90 Cyclops 40104 | -2/Research | Found Prototype Processor 40104 | -2/Research | Identified Spectral Analyzer 40281 | -2/Research | Met up with Warlord 40315 | -2/Research | Discovered new exit (range 16) 40338 | -2/Research | Identified exit to Quarantine 40397 | -2/Research | Met DD-05H 40417 | -2/Research | Identified exit to Access 40421 | -2/Research | Entered Access 40423 | -1/Access | Reached level 32 40474 | -1/Access | Upgraded with Weapon slot (x1) 40476 | -1/Access | Lost 4 allies 40487 | -1/Access | Identified exit to Surface 40865 | -1/Access | Reached level 33 40976 | -1/Access | Identified exit to Command 41129 | -1/Access | Unchained authorized (QV-33N) 41129 | -1/Access | Spotted B-99 Colossus 41283 | -1/Access | Reached level 34 41352 | -1/Access | Destroyed 12 combat bots 41399 | -1/Access | Watched by a mysterious "MATRIX" hacker 41758 | -1/Access | Entered Command 41760 | -1/Command | Reached level 35 42008 | -1/Command | First assault squad dispatched 42071 | -1/Command | Destroyed 18 combat bots 42247 | -1/Command | Reached level 36 42432 | -1/Command | High security lockdown imminent 42457 | -1/Command | Destroyed 11 combat bots 42512 | -1/Command | High security lockdown engaged 42619 | -1/Command | Destroyed 16 combat bots 42684 | -1/Command | Destroyed Investigator 42756 | -1/Command | Destroyed 18 combat bots 42868 | -1/Command | Destroyed 16 combat bots 42929 | -1/Command | Spotted Striker 42932 | -1/Command | Destroyed Striker 42942 | -1/Command | Reached level 37 42942 | -1/Command | Destroyed Striker 43040 | -1/Command | Spotted Investigator 43042 | -1/Command | Scanned by Researcher 43042 | -1/Command | Destroyed Investigator 43084 | -1/Command | Destroyed 10 combat bots 43104 | -1/Command | Spotted Striker 43104 | -1/Command | Spotted Striker 43106 | -1/Command | Destroyed Striker 43114 | -1/Command | Destroyed Striker 43120 | -1/Command | Spotted Executioner 43120 | -1/Command | Spotted Executioner 43122 | -1/Command | Spotted Executioner 43125 | -1/Command | Spotted Striker 43128 | -1/Command | Destroyed Executioner 43135 | -1/Command | Destroyed Striker 43135 | -1/Command | Destroyed Executioner 43150 | -1/Command | Destroyed Executioner 43153 | -1/Command | Core integrity fell below 50% 43174 | -1/Command | Destroyed 21 combat bots 43363 | -1/Command | Spotted Striker 43365 | -1/Command | Spotted Executioner 43365 | -1/Command | Spotted Striker 43367 | -1/Command | Destroyed Striker 43372 | -1/Command | Destroyed Striker 43374 | -1/Command | Destroyed Executioner 43399 | -1/Command | Spotted Striker 43399 | -1/Command | Destroyed Striker 43439 | -1/Command | Spotted Striker 43461 | -1/Command | Destroyed Striker 43465 | -1/Command | Spotted Striker 43465 | -1/Command | Spotted Executioner 43469 | -1/Command | Core integrity fell below 20% 43469 | -1/Command | Destroyed Executioner 43477 | -1/Command | Destroyed Striker 43498 | -1/Command | Destroyed 32 combat bots 43514 | -1/Command | Spotted Executioner 43514 | -1/Command | Spotted Executioner 43514 | -1/Command | Destroyed Executioner 43518 | -1/Command | Destroyed Executioner 43812 | -1/Command | Found Adv. Kinecellerator 44224 | -1/Command | System corruption reached 10% 45065 | -1/Command | Destroyed by S-43 Plague with Heavy Machine Gun Last Messages --------------- 45062_ Slug penetrates C-57 Dissector. 45062_ C-57 Dissector suffers critical hit (Destroy). 45062_ C-57 Dissector destroyed. 45062_ Switching to secondary target: S-43 Plague. 45062_ Slug penetrates S-43 Plague. 45062_ S-43 Plague destroyed. 45062_ S-43 Plague suffers critical hit (Destroy). 45062_ S-43 Plague destroyed. 45062_ Switching to secondary target: S-43 Plague. 45062_ Slug penetrates S-43 Plague. 45062_ S-43 Plague destroyed. 45062_ Slug penetrates C-57 Dissector. 45062_ C-57 Dissector destroyed. 45062_ Slug penetrates S-43 Plague. 45062_ S-43 Plague destroyed. 45062_ Switching to secondary target: S-43 Plague. 45062_ Slug penetrates C-57 Dissector. 45062_ C-57 Dissector destroyed. 45063_ Acquired 36 matter. 45064_ Adv. KE Penetrator severed. Map ----- +----------------------------------------------------+ | ??????????????????????????????????# """" #? | | ?????????????????????????????##???# | """" ## | | ?????????????????????????????# ???# ==%!! = ## | | ????????????????????????????##"####!!*==[! ==! ## | | ????????????????????????????#" !=##"#=##"##!##+## | | ???????????????????????####### *!!=!!!%![[!/*!!%" | | ???????????????????????# " ==!!|]%*! %=%%=%%/% | | ???????????????????????## # !!*##########"#[+## | | ????????????????????????###??## %##????# !%!% !!# | | ??????????????# ??????????????#=["#?##?#! |[!=!# | | ??????????????# ??????????????# %##?# ## = # | | ??????????????? ?????????????#/=#???# # # | | ?????????????h? ?????????????#!!######"########## | | ????????????hh? ?????????????#!!# # | | ???????????hhh? ?????????????#!]# # | | ???????????hh??# ?????????????#!!#! "" # " | | ???????????????# ?????????????#=%#*! """" " "" | | ???????????hh??# ??????????###==#%/!"""" !]# "" | | ???????????hh??# ??????#####==!![=]|[ [ = " | | ????????????h??# ??????# ; **=#%!! ! # | | ???????????????# ????###= =" !=%+!!= /# | | ???????????hh??# s#### " %*##%*m#** " " / " | | ???########/h###+;#;=%####*##;%*%#!! ""R" =!# | | ? h sssss=[/+[%!**=[=#% """""=!# * | | ? s s=s=*%=[c=*=*!!# ]!=%!%! [! | | ? %[%[!%@*=!===!# ![===[##### | | ? =ssss[!!*=!;%%###""""""%=*"%%!! | | ????############;;#####%%==*%*=m[=%!%=[=!==%%![%!* | | ???????????????# ???# ##*!!#=!^/######;;!%["*[]## | | ???????????????# ???##?#!/ #!#^%#=*% "%%[[=]## | | ???????????????# ?????#; ! #*"=*#%!=[ "=!==*!## | | ???????????????# ??????##;### %!=+[%=! =%%=!!#? | | ???????????????# ?????# #?# "[=#[!! *[![%#? | | ???????????????# ????# ##?# #=*#*! = * = ## | | ???????????????# ????# ???# #!=# % = [ ! " | | ??????????????? ????? #???# #!=#""###"####+##### | | ??????????????? ????? #????### #"! *%= % | | ??????????????? ????# ??????# =%= = | | ??????????????? ????# #??????# "* "" "" | | ??????????????#?????# ???????# " "" """" | | ?????????????????????????????# " " " " "" | | ?????????????????????????????## #" " | | ??????????????????????????????# #" [[=! | | ??????????????????????????????# ## !%%!=[ | | ??????????????????????????????# ## *!!!*% | | ??????????????????????????????# ############%+="+ | | ????????????????????????????###""##########?##| | | ????????????????????????????# *! ##?# | | ????????????????????????????# %= ## # | | ????????????????????????????# ! " " | +----------------------------------------------------+ Best States ------------- Heat Dissipation 123 Coolant Potential 100 Energy Generation 19 Energy Capacity 310 Matter Stores 800 Matter Capacity 800 Sight Range 18 Terrain Scan Density 10 Power Amplification 40 Resistance: KI 20 Resistance: TH 20 Weapon Cycling 30 Evasion (%) 46 Core Analysis 8 Recoil Reduction 2 Kinecelleration 50 Offensive Hacking 20 Defensive Hacking 10 Item Schematics ----------------- Hpw. Tractor Beam | -8/Storage | Hacked Force Field | -6/Zion | Archive Antigrav System | -6/Zion | Archive Imp. Trap Scanner | -6/Zion | Archive Imp. Arc Projector | -6/Zion | Archive Thermic Laser | -6/Zion | Archive Lance | -6/Zion | Archive Lyr. Medium Armor Plating | -6/Zion | Archive Adv. Actuator Array | -6/Zion | Archive Adv. Focal Shield | -6/Zion | Archive Imp. Heavy Armor Plating | -6/Zion | Archive Imp. Focal Shield | -6/Zion | Archive Arm. Leg | -6/Zion | Archive Adv. Terrain Scanner | -6/Zion | Archive Imp. Plasma Cutter | -6/Zion | Archive Imp. Remote Datajack | -6/Zion | Archive Robot Schematics ------------------ L-41 Fighter | -6/Zion | Archive T-07 Excavator | -6/Zion | Archive G-50 Soldier | -6/Zion | Archive Fabricated ------------ Hpw. Tractor Beam | x2 | -6/Factory Repaired ---------- Adv. KE Penetrator | 74% | -4/Factory | Broken Studied --------- Autogun | -9/Materials | Hacked Hvy. Assault Rifle | -9/Materials | Hacked Gauss Rifle | -5/Factory | Hacked KE Penetrator | -4/Factory | Hacked Railgun | -4/Factory | Hacked Alien Tech Used ----------------- None Achievements -------------- Bigger And Badder Deadly Precision Doshington Into The Furnace Well Done Challenges ------------ None RPGLIKE | -11 -10 -10 -9 -9 -9 -8 -8 -8 -7 -7 -7 -7 -6 -6 -6 -6 -6 -5 -5 -5 -5 -5 -5 -4 -4 -4 -4 -3 -3 -2 -1 -1 --------- Run | Yrd Mat Min Mat Min Exi Min Mat Sto Fac Low Low Dat Pro Fac Low Low Zio Pro Fac Ext Cet Arc Hub Fac Upp Upp War Pro Res Res Acc Com Levels Raised 36 | . 2 1 5 . 1 1 2 1 4 . 1 . . 2 . 1 . . 1 1 . . 1 2 . . 1 . 1 2 3 3 XP Earned 58463 | 3000 3700 1900 6825 983 147 2771 3039 615 6466 382 263 73 605 3006 391 417 57 814 1431 973 414 260 1429 2603 361 265 1248 556 1340 2401 4718 5010 XP Spent 56825 | 2920 3040 1000 5000 . . 5700 3175 1500 3650 2330 . . . 2360 . . 3800 . . . . . 4520 500 800 . . . 4100 . 5900 6530 Upgrades 102 | 6 7 2 4 . . 3 8 2 14 12 . . . 14 . . 3 . . . . . 4 1 1 . . . 2 . 5 14 Propulsion Slot 1 | . 1 . . . . . . . . . . . . . . . . . . . . . . . . . . . . . . . Utility Slot 2 | . . . . . . . . . . . . . . . . . . . . . . . . 1 1 . . . . . . . Weapon Slot 12 | 3 1 . 2 . . 2 . . . . . . . . . . 1 . . . . . 1 . . . . . 1 . 1 . Core Integrity 26 | . . . . . . . . . . 8 . . . 12 . . . . . . . . . . . . . . . . . 6 Heat Dissipation 16 | 2 1 . . . . . . . 5 . . . . 2 . . . . . . . . 2 . . . . . . . . 4 Matter Storage 10 | . . . . . . . 2 . 8 . . . . . . . . . . . . . . . . . . . . . . . Mass Support 3 | . 1 . . . . . . . . . . . . . . . . . . . . . . . . . . . 1 . 1 . Inventory Capacity 4 | . 1 1 . . . . 1 . . 1 . . . . . . . . . . . . . . . . . . . . . . Sight Range 2 | . . . . . . . . . . . . . . . . . . . . . . . . . . . . . . . 2 . Ranged Accuracy 8 | 1 1 . 2 . . . . . . . . . . . . . . . . . . . 1 . . . . . . . . 3 Melee Accuracy 1 | . . . . . . . . . 1 . . . . . . . . . . . . . . . . . . . . . . . Hack Attack % 3 | . . . . . . . 1 1 . . . . . . . . . . . . . . . . . . . . . . 1 . Hack Defense % 2 | . . . . . . . . . . 2 . . . . . . . . . . . . . . . . . . . . . . KI Resistance % 4 | . . . . . . . . . . 1 . . . . . . 2 . . . . . . . . . . . . . . 1 TH Resistance % 4 | . . . . . . . 4 . . . . . . . . . . . . . . . . . . . . . . . . . KI Damage % 4 | . 1 1 . . . 1 . 1 . . . . . . . . . . . . . . . . . . . . . . . . Protomatter Created 17162 | . 301 124 416 55 . 345 541 144 2106 398 247 . 308 1580 252 252 . 111 239 374 178 84 741 1278 521 133 1184 186 466 113 836 3649 Integrity Restored 25483 | . 330 425 578 165 . 966 558 283 2126 891 341 . 214 2956 743 444 . 294 440 387 331 163 2309 1683 1503 168 934 208 1290 406 1418 2929 Core 18600 | . 254 397 429 165 . 481 435 219 1746 566 272 . 168 2302 491 273 . 209 348 326 113 31 2077 1537 542 92 615 112 718 317 907 2458 Parts 6883 | . 76 28 149 . . 485 123 64 380 325 69 . 46 654 252 171 . 85 92 61 218 132 232 146 961 76 319 96 572 89 511 471 Protomatter Decayed 8640 | . 156 94 45 . . . 180 57 543 . 11 . 59 258 162 25 . . 47 203 100 142 448 392 14 . 446 104 2349 2257 101 447 Game ------ Seed TrackerBeamClaw Manual? 0 Play Time 04:39:57 Cumulative 368.2 hours Start 2026.08.17 @ 08:26:11 End 2026.08.18 @ 02:07:54 Sessions 11 Manual Loads 0 Difficulty Rogue Special Mode Winter2019/RPGLIKE Game No. 100 Rogue 99 Adventurer 1 Explorer 0 Win Type - Total 35 Types 9/7/7/0/0/1/10/0/0/1 Lore% 66 Gallery% 73 Achievement% 61 Wizard Run 0 Options --------- Layout 0 ASCII 0 Keyboard 0 Movement Mouse Keybinds 0 Fullscreen 1 Font 24/Terminus Map View 76x50 Zoom Use 0% Tactical HUD 1 Map Filters NONE Filters NONE Steam 1 RUN: 3a3b1e18-9cf7-4b73-8100-077a6728810e